Workbook
Name Beginning_Balance: -FV(Home!Interest_Rate/12,Home!Payment_Number-1,-Home!Monthly_Payment,Home!Loan_Amount)
Name Beginning_Balance: -FV(Interest_Rate/12,Payment_Number-1,-Monthly_Payment,Loan_Amount)
Name ColumnTitle1: #REF!
Name ColumnTitle1: Loan[[#Headers],[No.]]
Name ColumnTitle1: Loan[[#Headers],[No.]]
Name ColumnTitle1: Loan[[#Headers],[No.]]
Name Ending_Balance: -FV(Home!Interest_Rate/12,Home!Payment_Number,-Home!Monthly_Payment,Home!Loan_Amount)
Name Ending_Balance: -FV(Interest_Rate/12,Payment_Number,-Monthly_Payment,Loan_Amount)
Name Full_Print: 'Loan Calculator'!$A$1:$H$372
Name Header_Row: ROW(#REF!)
Name Header_Row: ROW('Loan Calculator'!$12:$12)
Name Header_Row_Back: ROW(#REF!)
Name Header_Row_Back: ROW('Loan Calculator'!$12:$12)
Name Interest: -IPMT(Home!Interest_Rate/12,Home!Payment_Number,Home!Number_of_Payments,Home!Loan_Amount)
Name Interest: -IPMT(Interest_Rate/12,Payment_Number,Number_of_Payments,Loan_Amount)
Name Interest_Rate: #REF!
Name Interest_Rate: 'Loan Calculator'!$E$4
Name Last_Row: IF(Home!Values_Entered,Home!Header_Row+Home!Number_of_Payments,Home!Header_Row)
Name Last_Row: IF(Values_Entered,Header_Row+Number_of_Payments,Header_Row)
Name Loan_Amount: #REF!
Name Loan_Amount: 'Loan Calculator'!$E$3
Name Loan_Not_Paid: IF(Home!Payment_Number<=Home!Number_of_Payments,1,0)
Name Loan_Not_Paid: IF(Payment_Number<=Number_of_Payments,1,0)
Name Loan_Start: #REF!
Name Loan_Start: 'Loan Calculator'!$E$6
Name Loan_Years: #REF!
Name Loan_Years: 'Loan Calculator'!$E$5
Name Monthly_Payment: -PMT(Home!Interest_Rate/12,Home!Number_of_Payments,Home!Loan_Amount)
Name Monthly_Payment: -PMT(Interest_Rate/12,Number_of_Payments,Loan_Amount)
Name Number_of_Payments: #REF!
Name Number_of_Payments: 'Loan Calculator'!$E$9
Name Payment_Date: DATE(YEAR(Home!Loan_Start),MONTH(Home!Loan_Start)+Home!Payment_Number,DAY(Home!Loan_Start))
Name Payment_Date: DATE(YEAR(Loan_Start),MONTH(Loan_Start)+Payment_Number,DAY(Loan_Start))
Name Payment_Number: ROW()-Home!Header_Row
Name Payment_Number: ROW()-Header_Row
Name Principal: -PPMT(Home!Interest_Rate/12,Home!Payment_Number,Home!Number_of_Payments,Home!Loan_Amount)
Name Principal: -PPMT(Interest_Rate/12,Payment_Number,Number_of_Payments,Loan_Amount)
Name RowTitleRegion1..E6: 'Loan Calculator'!$B$3
Name RowTitleRegion2..E11: 'Loan Calculator'!$B$8
Name Total_Cost: #REF!
Name Total_Cost: 'Loan Calculator'!$E$11
Name Total_Interest: 'Loan Calculator'!$E$10
Name TVA: #REF!
Name TVA: #REF!
Name TypedeP: #REF!
Name Typedeproduit: #REF!
Name Values_Entered: IF(Home!Loan_Amount*Home!Interest_Rate*Home!Loan_Years*Home!Loan_Start>0,1,0)
Name Values_Entered: IF(Loan_Amount*Interest_Rate*Loan_Years*Loan_Start>0,1,0)

Sheet Home
F10: This tool belongs to the House of Entrepreneurship and is to be used only in collaboration with the latter and/or its partners.
F14: Any usage for commercial purposes without the authorisation of the House of Entrepreneurship is prohibited.
F18: Although this tool has been created with the utmost care, its author accepts no responsibility for eventual errors or omissions. He accepts no responsibility for the use of the information provided.

Sheet INPUT - to fill in
A5: Only fill in the grey cells
A7: " | C7: "
A10: ------------------------------------- DATA OF THE ACTIVITY -----------------------------------------
A13: Project Name
A14: Name of the project owner
A15: Municipality of the registered office | C15: Click here to select from the drop-down list
A16: VAT scheme | C16: Click here to select from the drop-down list | D16: =IF(C16=DATA!A33,DATA!B33,IF('INPUT - to fill in'!C16=DATA!A34,DATA!B34,""))
A17: Please provide a brief description of the project | D17: =IF(C17=DATA!A33,DATA!B33,IF('INPUT - to fill in'!C17=DATA!A34,DATA!B34,""))
A18: Please provide a brief description of the project here | C18: Imposition
A19: Impôt Commercial Communal (ICC) | C19: =IF(AND(C15<>"",C15<>DATA!A49),VLOOKUP(C15,DATA!A50:B180,2,FALSE),"")
A20: Abattement (ICC) | C20: 17500
A21: Impôt sur le Revenu des Collectivitées (IRC) normal | C21: 0.16
A22: Impôt sur le Revenu des Collectivitées (IRC) réduit | C22: 0.14
A23: Plafonds IRC réduit | C23: 175000
A24: Contribution au fond de l'emploi | C24: 0.07
A25: Impôt sur le revenu des personnes physiques | C25: ='OUTPUT - analysis'!D61
A28: ----------------------------------------- INVESTMENTS ---------------------------------------------
F29: Note: cells in column "G" can be overwritten
B31: VAT | C31: Costs details | D31: Price excl. VAT | E31: VAT | F31: Total price incl. VAT | G31: Years of depreciation | H31: Depreciation year 1 | I31: Depreciation year 2 | J31: Depreciation year 3 | K31: Explanation
A33: Incorporation costs | B33: 0.17 | D33: 0 | E33: =D33*B33 -> 0 | F33: =D33+E33 -> 0 | G33: 5 | H33: =IF(G33>0,D33/G33,0) -> 0 | I33: =IF(G33>1,D33/G33,0) -> 0 | J33: =IF(G33>2,D33/G33,0) -> 0 | K33: Fees associated with the creation of the company, registration fees, legal, tax and accounting fees, etc.
A34: Initial establishment costs | B34: 0.17 | D34: 0 | E34: =D34*B34 -> 0 | F34: =D34+E34 -> 0 | G34: 5 | H34: =IF(G34>0,D34/G34,0) -> 0 | I34: =IF(G34>1,D34/G34,0) -> 0 | J34: =IF(G34>2,D34/G34,0) -> 0 | K34: Costs before incorporation of the company for prospecting, advertising, market research, etc.
A35: Research and development costs | B35: 0.17 | D35: 0 | E35: =D35*B35 -> 0 | F35: =D35+E35 -> 0 | G35: 5 | H35: =IF(G35>0,D35/G35,0) -> 0 | I35: =IF(G35>1,D35/G35,0) -> 0 | J35: =IF(G35>2,D35/G35,0) -> 0 | K35: Costs before incorporation for creating a website, designing software, etc.
A36: Concessions, patents, licences and trademarks | B36: 0.17 | D36: 0 | E36: =D36*B36 -> 0 | F36: =D36+E36 -> 0 | G36: 5 | H36: =IF(G36>0,D36/G36,0) -> 0 | I36: =IF(G36>1,D36/G36,0) -> 0 | J36: =IF(G36>2,D36/G36,0) -> 0 | K36: Operating rights, trademarks, patents, copyright, acquired software, active websites
A37: Goodwill | B37: 0.17 | D37: 0 | E37: =D37*B37 -> 0 | F37: =D37+E37 -> 0 | G37: 5 | H37: =IF(G37>0,D37/G37,0) -> 0 | I37: =IF(G37>1,D37/G37,0) -> 0 | J37: =IF(G37>2,D37/G37,0) -> 0 | K37: Acquired business goodwill that cannot be allocated to another fixed asset account; customer files
A38: Land and buildings | B38: 0.17 | D38: 0 | E38: =D38*B38 -> 0 | F38: =D38+E38 -> 0 | G38: 5 | H38: =IF(G38>0,D38/G38,0) -> 0 | I38: =IF(G38>1,D38/G38,0) -> 0 | J38: =IF(G38>2,D38/G38,0) -> 0 | K38: Property and buildings
A39: Transport and maintenance equipment | B39: 0.17 | D39: 0 | E39: =D39*B39 -> 0 | F39: =D39+E39 -> 0 | G39: 5 | H39: =IF(G39>0,D39/G39,0) -> 0 | I39: =IF(G39>1,D39/G39,0) -> 0 | J39: =IF(G39>2,D39/G39,0) -> 0 | K39: Transport equipment
A40: Transport vehicles | B40: 0.17 | D40: 0 | E40: =D40*B40 -> 0 | F40: =D40+E40 -> 0 | G40: 5 | H40: =IF(G40>0,D40/G40,0) -> 0 | I40: =IF(G40>1,D40/G40,0) -> 0 | J40: =IF(G40>2,D40/G40,0) -> 0 | K40: Cars, trucks, bicycles, etc.
A41: Tools | B41: 0.17 | D41: 0 | E41: =D41*B41 -> 0 | F41: =D41+E41 -> 0 | G41: 5 | H41: =IF(G41>0,D41/G41,0) -> 0 | I41: =IF(G41>1,D41/G41,0) -> 0 | J41: =IF(G41>2,D41/G41,0) -> 0 | K41: Small equipment and tools
A42: Operating equipment 1 | B42: 0.17 | D42: 0 | E42: =D42*B42 -> 0 | F42: =D42+E42 -> 0 | G42: 5 | H42: =IF(G42>0,D42/G42,0) -> 0 | I42: =IF(G42>1,D42/G42,0) -> 0 | J42: =IF(G42>2,D42/G42,0) -> 0 | K42: Ovens, kitchens, appliances, tools, machinery, etc.
A43: Operating equipment 2 | B43: 0.17 | D43: 0 | E43: =D43*B43 -> 0 | F43: =D43+E43 -> 0 | G43: 5 | H43: =IF(G43>0,D43/G43,0) -> 0 | I43: =IF(G43>1,D43/G43,0) -> 0 | J43: =IF(G43>2,D43/G43,0) -> 0
A44: Operating equipment 3 | B44: 0.17 | D44: 0 | E44: =D44*B44 -> 0 | F44: =D44+E44 -> 0 | G44: 5 | H44: =IF(G44>0,D44/G44,0) -> 0 | I44: =IF(G44>1,D44/G44,0) -> 0 | J44: =IF(G44>2,D44/G44,0) -> 0
A45: Operating equipment 4 | B45: 0.17 | D45: 0 | E45: =D45*B45 -> 0 | F45: =D45+E45 -> 0 | G45: 5 | H45: =IF(G45>0,D45/G45,0) -> 0 | I45: =IF(G45>1,D45/G45,0) -> 0 | J45: =IF(G45>2,D45/G45,0) -> 0
A46: Furniture 1 | B46: 0.17 | D46: 0 | E46: =D46*B46 -> 0 | F46: =D46+E46 -> 0 | G46: 5 | H46: =IF(G46>0,D46/G46,0) -> 0 | I46: =IF(G46>1,D46/G46,0) -> 0 | J46: =IF(G46>2,D46/G46,0) -> 0 | K46: Furniture and objects such as tables, chairs, folders and desks used in the company.
A47: Furniture 2 | B47: 0.17 | D47: 0 | E47: =D47*B47 -> 0 | F47: =D47+E47 -> 0 | G47: 5 | H47: =IF(G47>0,D47/G47,0) -> 0 | I47: =IF(G47>1,D47/G47,0) -> 0 | J47: =IF(G47>2,D47/G47,0) -> 0
A48: Furniture 3 | B48: 0.17 | D48: 0 | E48: =D48*B48 -> 0 | F48: =D48+E48 -> 0 | G48: 5 | H48: =IF(G48>0,D48/G48,0) -> 0 | I48: =IF(G48>1,D48/G48,0) -> 0 | J48: =IF(G48>2,D48/G48,0) -> 0
A49: Furniture 4 | B49: 0.17 | D49: 0 | E49: =D49*B49 -> 0 | F49: =D49+E49 -> 0 | G49: 5 | H49: =IF(G49>0,D49/G49,0) -> 0 | I49: =IF(G49>1,D49/G49,0) -> 0 | J49: =IF(G49>2,D49/G49,0) -> 0
A50: IT equipment 1 | B50: 0.17 | D50: 0 | E50: =D50*B50 -> 0 | F50: =D50+E50 -> 0 | G50: 5 | H50: =IF(G50>0,D50/G50,0) -> 0 | I50: =IF(G50>1,D50/G50,0) -> 0 | J50: =IF(G50>2,D50/G50,0) -> 0 | K50: All the physical components of a computer and its peripherals
A51: IT equipment 2 | B51: 0.17 | D51: 0 | E51: =D51*B51 -> 0 | F51: =D51+E51 -> 0 | G51: 5 | H51: =IF(G51>0,D51/G51,0) -> 0 | I51: =IF(G51>1,D51/G51,0) -> 0 | J51: =IF(G51>2,D51/G51,0) -> 0
A52: IT equipment 3 | B52: 0.17 | D52: 0 | E52: =D52*B52 -> 0 | F52: =D52+E52 -> 0 | G52: 5 | H52: =IF(G52>0,D52/G52,0) -> 0 | I52: =IF(G52>1,D52/G52,0) -> 0 | J52: =IF(G52>2,D52/G52,0) -> 0
A53: IT equipment 4 | B53: 0.17 | D53: 0 | E53: =D53*B53 -> 0 | F53: =D53+E53 -> 0 | G53: 5 | H53: =IF(G53>0,D53/G53,0) -> 0 | I53: =IF(G53>1,D53/G53,0) -> 0 | J53: =IF(G53>2,D53/G53,0) -> 0
A54: Other installations | B54: 0.17 | D54: 0 | E54: =D54*B54 -> 0 | F54: =D54+E54 -> 0 | G54: 5 | H54: =IF(G54>0,D54/G54,0) -> 0 | I54: =IF(G54>1,D54/G54,0) -> 0 | J54: =IF(G54>2,D54/G54,0) -> 0 | K54: Other installations
A55: Fixed assets | D55: 0 | F55: =D55+E55 -> 0 | G55: 5 | H55: =IF(G55>0,D55/G55,0) -> 0 | I55: =IF(G55>1,D55/G55,0) -> 0 | J55: =IF(G55>2,D55/G55,0) -> 0 | K55: Securities, other than equity investments, which the company intends to hold on a long-term basis or which cannot be resold in the short term
A56: Deposits and guarantees | D56: 0 | F56: =D56+E56 -> 0 | K56: Amounts remaining unavailable until fulfilment of a condition precedent
A57: Initial stock | B57: 0.17 | D57: 0 | E57: =D57*B57 -> 0 | F57: =D57+E57 -> 0 | K57: Stock existing at the start of the activity and/or management period
A58: Initial cash requirement | D58: 0 | K58: Please note here the cash required for the first few days/weeks/months of your activity
C59: Totals | D59: =SUM(D33:D58) -> 0 | E59: =SUM(E33:E57) -> 0 | F59: =SUM(F33:F57) -> 0 | H59: =SUM(H33:H57) -> 0 | I59: =SUM(I33:I57) -> 0 | J59: =SUM(J33:J57) -> 0
A63: -------------------------------------------- RUNNING COSTS -------------------------------------------------
A65: Inflation rate | B65: 0 | C65: <------- Please indicate the inflation rate that will be used to increase charges from year to year (we recommend 2%). | G65: Note 1: You can use column "D" by adding the annual amount in order to distribute it linearly over the whole year, you can also overwrite the formulas each month in order to add the expense in the corresponding month
G66: Note 2: year 2 and year 3 is calculated automatically with the increase in the inflation rate (B66), you can also increase the charges by overwriting the formulas in column "R" and "S"
B68: VAT | C68: Costs details | D68: Annual charge excl. Vat | E68: External costs per month - Year 1 | Q68: Total Year 1 | R68: Year 2 | S68: Year 3 | T68: Explanation
E69: Month 1 | F69: Month 2 | G69: Month 3 | H69: Month 4 | I69: Month 5 | J69: Month 6 | K69: Month 7 | L69: Month 8 | M69: Month 9 | N69: Month 10 | O69: Month 11 | P69: Month 12
A70: Rental of property | B70: 0.17 | D70: 0 | E70: 0 | F70: =$D70/12 -> 0 | G70: =$D70/12 -> 0 | H70: =$D70/12 -> 0 | I70: =$D70/12 -> 0 | J70: =$D70/12 -> 0 | K70: =$D70/12 -> 0 | L70: =$D70/12 -> 0 | M70: =$D70/12 -> 0 | ... P70: =$D70/12 -> 0 | Q70: =+SUM(E70:P70) -> 0 | R70: =Q70*(1+$B$65) -> 0 | S70: =R70*(1+$B$65) -> 0 | T70: Amount of the rent for the premises, building
A71: Rental charges | B71: 0.17 | D71: 0 | E71: =$D71/12 -> 0 | F71: =$D71/12 -> 0 | G71: =$D71/12 -> 0 | H71: =$D71/12 -> 0 | I71: =$D71/12 -> 0 | J71: =$D71/12 -> 0 | K71: =$D71/12 -> 0 | L71: =$D71/12 -> 0 | ... P71: =$D71/12 -> 0 | Q71: =+SUM(E71:P71) -> 0 | R71: =Q71*(1+$B$65) -> 0 | S71: =R71*(1+$B$65) -> 0 | T71: All expenses relating to the accommodation and additional to the rent
A72: Non-storable bills: water/electricity/gas | B72: 0.17 | D72: 0 | E72: =$D72/12 -> 0 | F72: =$D72/12 -> 0 | G72: =$D72/12 -> 0 | H72: =$D72/12 -> 0 | I72: =$D72/12 -> 0 | J72: =$D72/12 -> 0 | K72: =$D72/12 -> 0 | L72: =$D72/12 -> 0 | ... P72: =$D72/12 -> 0 | Q72: =+SUM(E72:P72) -> 0 | R72: =Q72*(1+$B$65) -> 0 | S72: =R72*(1+$B$65) -> 0
A73: Building taxes | B73: 0.17 | D73: 0 | E73: =$D73/12 -> 0 | F73: =$D73/12 -> 0 | G73: =$D73/12 -> 0 | H73: =$D73/12 -> 0 | I73: =$D73/12 -> 0 | J73: =$D73/12 -> 0 | K73: =$D73/12 -> 0 | L73: =$D73/12 -> 0 | ... P73: =$D73/12 -> 0 | Q73: =+SUM(E73:P73) -> 0 | R73: =Q73*(1+$B$65) -> 0 | S73: =R73*(1+$B$65) -> 0 | T73: Only if the company is the owner
A74: Furniture leasing | B74: 0.17 | D74: 0 | E74: =$D74/12 -> 0 | F74: =$D74/12 -> 0 | G74: =$D74/12 -> 0 | H74: =$D74/12 -> 0 | I74: =$D74/12 -> 0 | J74: =$D74/12 -> 0 | K74: =$D74/12 -> 0 | L74: =$D74/12 -> 0 | ... P74: =$D74/12 -> 0 | Q74: =+SUM(E74:P74) -> 0 | R74: =Q74*(1+$B$65) -> 0 | S74: =R74*(1+$B$65) -> 0 | T74: Fixed-term rental contract for the financing of movable assets (vehicles, production equipment, office equipment, etc.)
A75: Subcontracting | B75: 0.17 | D75: 0 | E75: =$D75/12 -> 0 | F75: =$D75/12 -> 0 | G75: =$D75/12 -> 0 | H75: =$D75/12 -> 0 | I75: =$D75/12 -> 0 | J75: =$D75/12 -> 0 | K75: =$D75/12 -> 0 | L75: =$D75/12 -> 0 | ... P75: =$D75/12 -> 0 | Q75: =+SUM(E75:P75) -> 0 | R75: =Q75*(1+$B$65) -> 0 | S75: =R75*(1+$B$65) -> 0 | T75: Subcontracting not directly related to sales/services (cleaning of premises, maintenance, etc.)
A76: Subcontracting related to service provisions | C76: This cell is to be completed in the forecast section of the forecast turnover. | E76: =G228 -> 0 | F76: =H228 -> 0 | G76: =I228 -> 0 | H76: =J228 -> 0 | I76: =K228 -> 0 | J76: =L228 -> 0 | K76: =M228 -> 0 | L76: =N228 -> 0 | ... P76: =R228 -> 0 | Q76: =+SUM(E76:P76) -> 0 | R76: =T228 -> 0 | S76: =U228 -> 0 | T76: Do not modify this cell
A77: Maintenance and repairs | B77: 0.17 | D77: 0 | E77: =$D77/12 -> 0 | F77: =$D77/12 -> 0 | G77: =$D77/12 -> 0 | H77: =$D77/12 -> 0 | I77: =$D77/12 -> 0 | J77: =$D77/12 -> 0 | K77: =$D77/12 -> 0 | L77: =$D77/12 -> 0 | ... P77: =$D77/12 -> 0 | Q77: =+SUM(E77:P77) -> 0 | R77: =Q77*(1+$B$65) -> 0 | S77: =R77*(1+$B$65) -> 0 | T77: Budget for possible repairs
A78: Documentation and purchase of studies | B78: 0.17 | D78: 0 | E78: =$D78/12 -> 0 | F78: =$D78/12 -> 0 | G78: =$D78/12 -> 0 | H78: =$D78/12 -> 0 | I78: =$D78/12 -> 0 | J78: =$D78/12 -> 0 | K78: =$D78/12 -> 0 | L78: =$D78/12 -> 0 | ... P78: =$D78/12 -> 0 | Q78: =+SUM(E78:P78) -> 0 | R78: =Q78*(1+$B$65) -> 0 | S78: =R78*(1+$B$65) -> 0 | T78: Subscriptions to information sites, magazines, purchase of studies
A79: Training costs | B79: 0.17 | D79: 0 | E79: =$D79/12 -> 0 | F79: =$D79/12 -> 0 | G79: =$D79/12 -> 0 | H79: =$D79/12 -> 0 | I79: =$D79/12 -> 0 | J79: =$D79/12 -> 0 | K79: =$D79/12 -> 0 | L79: =$D79/12 -> 0 | ... P79: =$D79/12 -> 0 | Q79: =+SUM(E79:P79) -> 0 | R79: =Q79*(1+$B$65) -> 0 | S79: =R79*(1+$B$65) -> 0 | T79: Annual staff trainings
A80: Fees | B80: 0.17 | D80: 0 | E80: =$D80/12 -> 0 | F80: =$D80/12 -> 0 | G80: =$D80/12 -> 0 | H80: =$D80/12 -> 0 | I80: =$D80/12 -> 0 | J80: =$D80/12 -> 0 | K80: =$D80/12 -> 0 | L80: =$D80/12 -> 0 | ... P80: =$D80/12 -> 0 | Q80: =+SUM(E80:P80) -> 0 | R80: =Q80*(1+$B$65) -> 0 | S80: =R80*(1+$B$65) -> 0 | T80: Accounting and legal fees, etc.
A81: Insurance premium | B81: 0.17 | D81: 0 | E81: =$D81/12 -> 0 | F81: =$D81/12 -> 0 | G81: =$D81/12 -> 0 | H81: =$D81/12 -> 0 | I81: =$D81/12 -> 0 | J81: =$D81/12 -> 0 | K81: =$D81/12 -> 0 | L81: =$D81/12 -> 0 | ... P81: =$D81/12 -> 0 | Q81: =+SUM(E81:P81) -> 0 | R81: =Q81*(1+$B$65) -> 0 | S81: =R81*(1+$B$65) -> 0 | T81: Professional liability insurance
A82: Advertising | B82: 0.17 | D82: 0 | E82: =$D82/12 -> 0 | F82: =$D82/12 -> 0 | G82: =$D82/12 -> 0 | H82: =$D82/12 -> 0 | I82: =$D82/12 -> 0 | J82: =$D82/12 -> 0 | K82: =$D82/12 -> 0 | L82: =$D82/12 -> 0 | ... P82: =$D82/12 -> 0 | Q82: =+SUM(E82:P82) -> 0 | R82: =Q82*(1+$B$65) -> 0 | S82: =R82*(1+$B$65) -> 0 | T82: Advertising budget
A83: Travel and representation | B83: 0.17 | D83: 0 | E83: =$D83/12 -> 0 | F83: =$D83/12 -> 0 | G83: =$D83/12 -> 0 | H83: =$D83/12 -> 0 | I83: =$D83/12 -> 0 | J83: =$D83/12 -> 0 | K83: =$D83/12 -> 0 | L83: =$D83/12 -> 0 | ... P83: =$D83/12 -> 0 | Q83: =+SUM(E83:P83) -> 0 | R83: =Q83*(1+$B$65) -> 0 | S83: =R83*(1+$B$65) -> 0 | T83: Travel expenses for business trips, catering costs, etc.
A84: Transport of goods | B84: 0.17 | D84: 0 | E84: =$D84/12 -> 0 | F84: =$D84/12 -> 0 | G84: =$D84/12 -> 0 | H84: =$D84/12 -> 0 | I84: =$D84/12 -> 0 | J84: =$D84/12 -> 0 | K84: =$D84/12 -> 0 | L84: =$D84/12 -> 0 | ... P84: =$D84/12 -> 0 | Q84: =+SUM(E84:P84) -> 0 | R84: =Q84*(1+$B$65) -> 0 | S84: =R84*(1+$B$65) -> 0 | T84: Cost of transporting goods
A85: Fleet insurance | B85: 0.17 | D85: 0 | E85: =$D85/12 -> 0 | F85: =$D85/12 -> 0 | G85: =$D85/12 -> 0 | H85: =$D85/12 -> 0 | I85: =$D85/12 -> 0 | J85: =$D85/12 -> 0 | K85: =$D85/12 -> 0 | L85: =$D85/12 -> 0 | ... P85: =$D85/12 -> 0 | Q85: =+SUM(E85:P85) -> 0 | R85: =Q85*(1+$B$65) -> 0 | S85: =R85*(1+$B$65) -> 0 | T85: Transport vehicle insurance
A86: Fleet-related taxes | B86: 0.17 | D86: 0 | E86: =$D86/12 -> 0 | F86: =$D86/12 -> 0 | G86: =$D86/12 -> 0 | H86: =$D86/12 -> 0 | I86: =$D86/12 -> 0 | J86: =$D86/12 -> 0 | K86: =$D86/12 -> 0 | L86: =$D86/12 -> 0 | ... P86: =$D86/12 -> 0 | Q86: =+SUM(E86:P86) -> 0 | R86: =Q86*(1+$B$65) -> 0 | S86: =R86*(1+$B$65) -> 0 | T86: Only if the company owns the vehicles
A87: Use of temporary staff | B87: 0.17 | D87: 0 | E87: =$D87/12 -> 0 | F87: =$D87/12 -> 0 | G87: =$D87/12 -> 0 | H87: =$D87/12 -> 0 | I87: =$D87/12 -> 0 | J87: =$D87/12 -> 0 | K87: =$D87/12 -> 0 | L87: =$D87/12 -> 0 | ... P87: =$D87/12 -> 0 | Q87: =+SUM(E87:P87) -> 0 | R87: =Q87*(1+$B$65) -> 0 | S87: =R87*(1+$B$65) -> 0 | T87: Interim staff costs
A88: Telephone and internet fees | B88: 0.17 | D88: 0 | E88: =$D88/12 -> 0 | F88: =$D88/12 -> 0 | G88: =$D88/12 -> 0 | H88: =$D88/12 -> 0 | I88: =$D88/12 -> 0 | J88: =$D88/12 -> 0 | K88: =$D88/12 -> 0 | L88: =$D88/12 -> 0 | ... P88: =$D88/12 -> 0 | Q88: =+SUM(E88:P88) -> 0 | R88: =Q88*(1+$B$65) -> 0 | S88: =R88*(1+$B$65) -> 0 | T88: Telephone and internet subscriptions
... A90: Bank services | B90: 0.17 | D90: 0 | E90: =$D90/12 -> 0 | F90: =$D90/12 -> 0 | G90: =$D90/12 -> 0 | H90: =$D90/12 -> 0 | I90: =$D90/12 -> 0 | J90: =$D90/12 -> 0 | K90: =$D90/12 -> 0 | L90: =$D90/12 -> 0 | ... P90: =$D90/12 -> 0 | Q90: =+SUM(E90:P90) -> 0 | R90: =Q90*(1+$B$65) -> 0 | S90: =R90*(1+$B$65) -> 0 | T90: Monthly/quarterly bank charges for account keeping
A91: Loan interest | B91: 0 | C91: This cell is calculated automatically | E91: ='Loan Calculator'!G13 | F91: ='Loan Calculator'!G14 | G91: ='Loan Calculator'!G15 | H91: ='Loan Calculator'!G16 | I91: ='Loan Calculator'!G17 | J91: ='Loan Calculator'!G18 | K91: ='Loan Calculator'!G19 | L91: ='Loan Calculator'!G20 | M91: ='Loan Calculator'!G21 | N91: ='Loan Calculator'!G22 | O91: ='Loan Calculator'!G23 | P91: ='Loan Calculator'!G24 | Q91: =SUM(E91:P91) -> 0 | R91: ='Loan Calculator'!H7 -> 0 | S91: ='Loan Calculator'!H10 -> 0 | T91: Do not modify this cell
A92: Transaction commissions | B92: 0.17 | D92: 0 | E92: =$D92/12 -> 0 | F92: =$D92/12 -> 0 | G92: =$D92/12 -> 0 | H92: =$D92/12 -> 0 | I92: =$D92/12 -> 0 | J92: =$D92/12 -> 0 | K92: =$D92/12 -> 0 | L92: =$D92/12 -> 0 | ... P92: =$D92/12 -> 0 | Q92: =+SUM(E92:P92) -> 0 | R92: =Q92*(1+$B$65) -> 0 | S92: =R92*(1+$B$65) -> 0 | T92: Commission on transactions for payment services (TPE, Paypal, Stripe, etc.)
A93: Miscellaneous expenses 1 | B93: 0.17 | D93: 0 | E93: =$D93/12 -> 0 | F93: =$D93/12 -> 0 | G93: =$D93/12 -> 0 | H93: =$D93/12 -> 0 | I93: =$D93/12 -> 0 | J93: =$D93/12 -> 0 | K93: =$D93/12 -> 0 | L93: =$D93/12 -> 0 | ... P93: =$D93/12 -> 0 | Q93: =+SUM(E93:P93) -> 0 | R93: =Q93*(1+$B$65) -> 0 | S93: =R93*(1+$B$65) -> 0 | T93: Other charges
A94: Miscellaneous expenses 2 | B94: 0.17 | D94: 0 | E94: =$D94/12 -> 0 | F94: =$D94/12 -> 0 | G94: =$D94/12 -> 0 | H94: =$D94/12 -> 0 | I94: =$D94/12 -> 0 | J94: =$D94/12 -> 0 | K94: =$D94/12 -> 0 | L94: =$D94/12 -> 0 | ... P94: =$D94/12 -> 0 | Q94: =+SUM(E94:P94) -> 0 | R94: =Q94*(1+$B$65) -> 0 | S94: =R94*(1+$B$65) -> 0 | T94: Other charges
A95: Total excluding VAT | E95: =SUM(E70:E94) -> 0 | F95: =SUM(F70:F94) -> 0 | G95: =SUM(G70:G94) -> 0 | H95: =SUM(H70:H94) -> 0 | I95: =SUM(I70:I94) -> 0 | J95: =SUM(J70:J94) -> 0 | K95: =SUM(K70:K94) -> 0 | L95: =SUM(L70:L94) -> 0 | ... P95: =SUM(P70:P94) -> 0 | Q95: =+SUM(E95:P95) -> 0 | R95: =SUM(R70:R94) -> 0 | S95: =SUM(S70:S94) -> 0
A96: Location immobilière | B96: TTC | C96: =C70 -> 0 | E96: =E70*(1+$B70) -> 0 | F96: =F70*(1+$B70) -> 0 | G96: =G70*(1+$B70) -> 0 | H96: =H70*(1+$B70) -> 0 | I96: =I70*(1+$B70) -> 0 | J96: =J70*(1+$B70) -> 0 | K96: =K70*(1+$B70) -> 0 | L96: =L70*(1+$B70) -> 0 | ... P96: =P70*(1+$B70) -> 0 | Q96: =+SUM(E96:P96) -> 0 | R96: =Q96*(1+$B$65) -> 0 | S96: =R96*(1+$B$65) -> 0
A97: Charges locatives | B97: TTC | C97: =C71 -> 0 | E97: =E71*(1+$B71) -> 0 | F97: =F71*(1+$B71) -> 0 | G97: =G71*(1+$B71) -> 0 | H97: =H71*(1+$B71) -> 0 | I97: =I71*(1+$B71) -> 0 | J97: =J71*(1+$B71) -> 0 | K97: =K71*(1+$B71) -> 0 | L97: =L71*(1+$B71) -> 0 | ... P97: =P71*(1+$B71) -> 0 | Q97: =+SUM(E97:P97) -> 0 | R97: =Q97*(1+$B$65) -> 0 | S97: =R97*(1+$B$65) -> 0
A98: Factures non-stockables : eau/electricité/gaz | B98: TTC | C98: =C72 -> 0 | E98: =E72*(1+$B72) -> 0 | F98: =F72*(1+$B72) -> 0 | G98: =G72*(1+$B72) -> 0 | H98: =H72*(1+$B72) -> 0 | I98: =I72*(1+$B72) -> 0 | J98: =J72*(1+$B72) -> 0 | K98: =K72*(1+$B72) -> 0 | L98: =L72*(1+$B72) -> 0 | ... P98: =P72*(1+$B72) -> 0 | Q98: =+SUM(E98:P98) -> 0 | R98: =Q98*(1+$B$65) -> 0 | S98: =R98*(1+$B$65) -> 0
A99: Taxes liées au bàtiment | B99: TTC | C99: =C73 -> 0 | E99: =E73*(1+$B73) -> 0 | F99: =F73*(1+$B73) -> 0 | G99: =G73*(1+$B73) -> 0 | H99: =H73*(1+$B73) -> 0 | I99: =I73*(1+$B73) -> 0 | J99: =J73*(1+$B73) -> 0 | K99: =K73*(1+$B73) -> 0 | L99: =L73*(1+$B73) -> 0 | ... P99: =P73*(1+$B73) -> 0 | Q99: =+SUM(E99:P99) -> 0 | R99: =Q99*(1+$B$65) -> 0 | S99: =R99*(1+$B$65) -> 0
A100: Leasing mobilier | B100: TTC | C100: =C74 -> 0 | E100: =E74*(1+$B74) -> 0 | F100: =F74*(1+$B74) -> 0 | G100: =G74*(1+$B74) -> 0 | H100: =H74*(1+$B74) -> 0 | I100: =I74*(1+$B74) -> 0 | J100: =J74*(1+$B74) -> 0 | K100: =K74*(1+$B74) -> 0 | L100: =L74*(1+$B74) -> 0 | ... P100: =P74*(1+$B74) -> 0 | Q100: =+SUM(E100:P100) -> 0 | R100: =Q100*(1+$B$65) -> 0 | S100: =R100*(1+$B$65) -> 0
A101: Sous-traitance | B101: TTC | C101: =C75 -> 0 | E101: =E75*(1+$B75) -> 0 | F101: =F75*(1+$B75) -> 0 | G101: =G75*(1+$B75) -> 0 | H101: =H75*(1+$B75) -> 0 | I101: =I75*(1+$B75) -> 0 | J101: =J75*(1+$B75) -> 0 | K101: =K75*(1+$B75) -> 0 | L101: =L75*(1+$B75) -> 0 | ... P101: =P75*(1+$B75) -> 0 | Q101: =+SUM(E101:P101) -> 0 | R101: =Q101*(1+$B$65) -> 0 | S101: =R101*(1+$B$65) -> 0
A102: Sous-traitance sur prestation de services | B102: TTC | E102: =G230 -> 0 | F102: =H230 -> 0 | G102: =I230 -> 0 | H102: =J230 -> 0 | I102: =K230 -> 0 | J102: =L230 -> 0 | K102: =M230 -> 0 | L102: =N230 -> 0 | ... P102: =R230 -> 0 | Q102: =+SUM(E102:P102) -> 0 | R102: =Q102*(1+$B$65) -> 0 | S102: =R102*(1+$B$65) -> 0
A103: Entretien et réparation | B103: TTC | C103: =C77 -> 0 | E103: =E77*(1+$B77) -> 0 | F103: =F77*(1+$B77) -> 0 | G103: =G77*(1+$B77) -> 0 | H103: =H77*(1+$B77) -> 0 | I103: =I77*(1+$B77) -> 0 | J103: =J77*(1+$B77) -> 0 | K103: =K77*(1+$B77) -> 0 | L103: =L77*(1+$B77) -> 0 | ... P103: =P77*(1+$B77) -> 0 | Q103: =+SUM(E103:P103) -> 0 | R103: =Q103*(1+$B$65) -> 0 | S103: =R103*(1+$B$65) -> 0
A104: Documentation et achat d'études | B104: TTC | C104: =C78 -> 0 | E104: =E78*(1+$B78) -> 0 | F104: =F78*(1+$B78) -> 0 | G104: =G78*(1+$B78) -> 0 | H104: =H78*(1+$B78) -> 0 | I104: =I78*(1+$B78) -> 0 | J104: =J78*(1+$B78) -> 0 | K104: =K78*(1+$B78) -> 0 | L104: =L78*(1+$B78) -> 0 | ... P104: =P78*(1+$B78) -> 0 | Q104: =+SUM(E104:P104) -> 0 | R104: =Q104*(1+$B$65) -> 0 | S104: =R104*(1+$B$65) -> 0
A105: Frais de formations | B105: TTC | C105: =C79 -> 0 | E105: =E79*(1+$B79) -> 0 | F105: =F79*(1+$B79) -> 0 | G105: =G79*(1+$B79) -> 0 | H105: =H79*(1+$B79) -> 0 | I105: =I79*(1+$B79) -> 0 | J105: =J79*(1+$B79) -> 0 | K105: =K79*(1+$B79) -> 0 | L105: =L79*(1+$B79) -> 0 | ... P105: =P79*(1+$B79) -> 0 | Q105: =+SUM(E105:P105) -> 0 | R105: =Q105*(1+$B$65) -> 0 | S105: =R105*(1+$B$65) -> 0
A106: Honoraires | B106: TTC | C106: =C80 -> 0 | E106: =E80*(1+$B80) -> 0 | F106: =F80*(1+$B80) -> 0 | G106: =G80*(1+$B80) -> 0 | H106: =H80*(1+$B80) -> 0 | I106: =I80*(1+$B80) -> 0 | J106: =J80*(1+$B80) -> 0 | K106: =K80*(1+$B80) -> 0 | L106: =L80*(1+$B80) -> 0 | ... P106: =P80*(1+$B80) -> 0 | Q106: =+SUM(E106:P106) -> 0 | R106: =Q106*(1+$B$65) -> 0 | S106: =R106*(1+$B$65) -> 0
A107: Prime d'assurance | B107: TTC | C107: =C81 -> 0 | E107: =E81*(1+$B81) -> 0 | F107: =F81*(1+$B81) -> 0 | G107: =G81*(1+$B81) -> 0 | H107: =H81*(1+$B81) -> 0 | I107: =I81*(1+$B81) -> 0 | J107: =J81*(1+$B81) -> 0 | K107: =K81*(1+$B81) -> 0 | L107: =L81*(1+$B81) -> 0 | ... P107: =P81*(1+$B81) -> 0 | Q107: =+SUM(E107:P107) -> 0 | R107: =Q107*(1+$B$65) -> 0 | S107: =R107*(1+$B$65) -> 0
A108: Publicité | B108: TTC | C108: =C82 -> 0 | E108: =E82*(1+$B82) -> 0 | F108: =F82*(1+$B82) -> 0 | G108: =G82*(1+$B82) -> 0 | H108: =H82*(1+$B82) -> 0 | I108: =I82*(1+$B82) -> 0 | J108: =J82*(1+$B82) -> 0 | K108: =K82*(1+$B82) -> 0 | L108: =L82*(1+$B82) -> 0 | ... P108: =P82*(1+$B82) -> 0 | Q108: =+SUM(E108:P108) -> 0 | R108: =Q108*(1+$B$65) -> 0 | S108: =R108*(1+$B$65) -> 0
A109: Déplacements et représentation | B109: TTC | C109: =C83 -> 0 | E109: =E83*(1+$B83) -> 0 | F109: =F83*(1+$B83) -> 0 | G109: =G83*(1+$B83) -> 0 | H109: =H83*(1+$B83) -> 0 | I109: =I83*(1+$B83) -> 0 | J109: =J83*(1+$B83) -> 0 | K109: =K83*(1+$B83) -> 0 | L109: =L83*(1+$B83) -> 0 | ... P109: =P83*(1+$B83) -> 0 | Q109: =+SUM(E109:P109) -> 0 | R109: =Q109*(1+$B$65) -> 0 | S109: =R109*(1+$B$65) -> 0
A110: Transport des biens | B110: TTC | C110: =C84 -> 0 | E110: =E84*(1+$B84) -> 0 | F110: =F84*(1+$B84) -> 0 | G110: =G84*(1+$B84) -> 0 | H110: =H84*(1+$B84) -> 0 | I110: =I84*(1+$B84) -> 0 | J110: =J84*(1+$B84) -> 0 | K110: =K84*(1+$B84) -> 0 | L110: =L84*(1+$B84) -> 0 | ... P110: =P84*(1+$B84) -> 0 | Q110: =+SUM(E110:P110) -> 0 | R110: =Q110*(1+$B$65) -> 0 | S110: =R110*(1+$B$65) -> 0
A111: Assurance parc automobile | B111: TTC | C111: =C85 -> 0 | E111: =E85*(1+$B85) -> 0 | F111: =F85*(1+$B85) -> 0 | G111: =G85*(1+$B85) -> 0 | H111: =H85*(1+$B85) -> 0 | I111: =I85*(1+$B85) -> 0 | J111: =J85*(1+$B85) -> 0 | K111: =K85*(1+$B85) -> 0 | L111: =L85*(1+$B85) -> 0 | ... P111: =P85*(1+$B85) -> 0 | Q111: =+SUM(E111:P111) -> 0 | R111: =Q111*(1+$B$65) -> 0 | S111: =R111*(1+$B$65) -> 0
A112: Taxes liées au parc automobile | B112: TTC | C112: =C86 -> 0 | E112: =E86*(1+$B86) -> 0 | F112: =F86*(1+$B86) -> 0 | G112: =G86*(1+$B86) -> 0 | H112: =H86*(1+$B86) -> 0 | I112: =I86*(1+$B86) -> 0 | J112: =J86*(1+$B86) -> 0 | K112: =K86*(1+$B86) -> 0 | L112: =L86*(1+$B86) -> 0 | ... P112: =P86*(1+$B86) -> 0 | Q112: =+SUM(E112:P112) -> 0 | R112: =Q112*(1+$B$65) -> 0 | S112: =R112*(1+$B$65) -> 0
A113: Recours à l'intérim | B113: TTC | C113: =C87 -> 0 | E113: =E87*(1+$B87) -> 0 | F113: =F87*(1+$B87) -> 0 | G113: =G87*(1+$B87) -> 0 | H113: =H87*(1+$B87) -> 0 | I113: =I87*(1+$B87) -> 0 | J113: =J87*(1+$B87) -> 0 | K113: =K87*(1+$B87) -> 0 | L113: =L87*(1+$B87) -> 0 | ... P113: =P87*(1+$B87) -> 0 | Q113: =+SUM(E113:P113) -> 0 | R113: =Q113*(1+$B$65) -> 0 | S113: =R113*(1+$B$65) -> 0
A114: Frais de téléphone et d'internet | B114: TTC | C114: =C88 -> 0 | E114: =E88*(1+$B88) -> 0 | F114: =F88*(1+$B88) -> 0 | G114: =G88*(1+$B88) -> 0 | H114: =H88*(1+$B88) -> 0 | I114: =I88*(1+$B88) -> 0 | J114: =J88*(1+$B88) -> 0 | K114: =K88*(1+$B88) -> 0 | L114: =L88*(1+$B88) -> 0 | ... P114: =P88*(1+$B88) -> 0 | Q114: =+SUM(E114:P114) -> 0 | R114: =Q114*(1+$B$65) -> 0 | S114: =R114*(1+$B$65) -> 0
... A116: Services bancaires | B116: TTC | C116: =C90 -> 0 | E116: =E90*(1+$B90) -> 0 | F116: =F90*(1+$B90) -> 0 | G116: =G90*(1+$B90) -> 0 | H116: =H90*(1+$B90) -> 0 | I116: =I90*(1+$B90) -> 0 | J116: =J90*(1+$B90) -> 0 | K116: =K90*(1+$B90) -> 0 | L116: =L90*(1+$B90) -> 0 | ... P116: =P90*(1+$B90) -> 0 | Q116: =+SUM(E116:P116) -> 0 | R116: =Q116*(1+$B$65) -> 0 | S116: =R116*(1+$B$65) -> 0
A117: Intérêts d’emprunt | E117: =E91 | F117: =F91 | G117: =G91 | H117: =H91 | I117: =I91 | J117: =J91 | K117: =K91 | L117: =L91 | ... P117: =P91 | Q117: =+SUM(E117:P117) -> 0 | R117: =R91 -> 0 | S117: =S91 -> 0
A118: Commissions sur transactions | B118: TTC | C118: =C92 -> 0 | E118: =E92*(1+$B92) -> 0 | F118: =F92*(1+$B92) -> 0 | G118: =G92*(1+$B92) -> 0 | H118: =H92*(1+$B92) -> 0 | I118: =I92*(1+$B92) -> 0 | J118: =J92*(1+$B92) -> 0 | K118: =K92*(1+$B92) -> 0 | L118: =L92*(1+$B92) -> 0 | ... P118: =P92*(1+$B92) -> 0 | Q118: =+SUM(E118:P118) -> 0 | R118: =Q118*(1+$B$65) -> 0 | S118: =R118*(1+$B$65) -> 0
A119: Frais divers 1 | B119: TTC | C119: =C93 -> 0 | E119: =E93*(1+$B93) -> 0 | F119: =F93*(1+$B93) -> 0 | G119: =G93*(1+$B93) -> 0 | H119: =H93*(1+$B93) -> 0 | I119: =I93*(1+$B93) -> 0 | J119: =J93*(1+$B93) -> 0 | K119: =K93*(1+$B93) -> 0 | L119: =L93*(1+$B93) -> 0 | ... P119: =P93*(1+$B93) -> 0 | Q119: =+SUM(E119:P119) -> 0 | R119: =Q119*(1+$B$65) -> 0 | S119: =R119*(1+$B$65) -> 0
A120: Frais divers 2 | B120: TTC | C120: =C94 -> 0 | E120: =E94*(1+$B94) -> 0 | F120: =F94*(1+$B94) -> 0 | G120: =G94*(1+$B94) -> 0 | H120: =H94*(1+$B94) -> 0 | I120: =I94*(1+$B94) -> 0 | J120: =J94*(1+$B94) -> 0 | K120: =K94*(1+$B94) -> 0 | L120: =L94*(1+$B94) -> 0 | ... P120: =P94*(1+$B94) -> 0 | Q120: =+SUM(E120:P120) -> 0 | R120: =Q120*(1+$B$65) -> 0 | S120: =R120*(1+$B$65) -> 0
...

Sheet OUTPUT - analysis
P4: Please do not fill in or modify this tab
B6: -------------------------------- PROFIT AND LOSS ------------------------------- | J6: ----------------- FINANCIAL PLAN ---------------------
B8: ANALYSIS OF PROFITABILITY | C8: YEAR 1 | D8: % of TO | E8: YEAR 2 | F8: % of TO | G8: YEAR 3 | H8: % of TO | J8: FINANCIAL PLAN | K8: Start | L8: YEAR 1 | M8: YEAR 2 | N8: YEAR 3
B9: + TURNOVER | C9: ='INPUT - to fill in'!S225 -> 0 | D9: =IF($C$9=0,"",C9/$C$9) | E9: ='INPUT - to fill in'!T225 -> 0 | F9: =IF($E$9=0,"",E9/$E$9) | G9: ='INPUT - to fill in'!U225 -> 0 | H9: =IF($G$9=0,"",G9/$G$9) | J9: TOTAL INVESTMENTS TO FINANCE | K9: =SUM(K10:K17) -> 0 | L9: =SUM(L10:L17) -> 0 | M9: =SUM(M10:M17) -> 0 | N9: =SUM(N10:N17) -> 0
J10: Incorporation Expenses and Related Costs | K10: ='INPUT - to fill in'!D33 -> 0
B11: - PURCHASE OF GOODS | C11: ='INPUT - to fill in'!S227 -> 0 | D11: =IF($C$9=0,"",C11/$C$9) | E11: ='INPUT - to fill in'!T227 -> 0 | F11: =IF($E$9=0,"",E11/$E$9) | G11: ='INPUT - to fill in'!U227 -> 0 | H11: =IF($G$9=0,"",G11/$G$9) | J11: Intangible Assets Intangible Assets | K11: =SUM('INPUT - to fill in'!D34:D37) -> 0
J12: Tangible Assets | K12: =SUM('INPUT - to fill in'!D38:D54) -> 0
B13: = GROSS MARGIN | C13: =C9-C11 -> 0 | D13: =IF($C$9=0,"",C13/$C$9) | E13: =E9-E11 -> 0 | F13: =IF($E$9=0,"",E13/$E$9) | G13: =G9-G11 -> 0 | H13: =IF($G$9=0,"",G13/$G$9) | J13: Financial Assets | K13: =SUM('INPUT - to fill in'!D55:D56) -> 0
J14: Initial Cash / Treasury | K14: ='INPUT - to fill in'!D58 -> 0
B15: - CONSUMPTION FROM THIRD PARTIES | C15: =SUM(C16:C39) -> 0 | D15: =IF($C$9=0,"",C15/$C$9) | E15: =SUM(E16:E39) -> 0 | F15: =IF($E$9=0,"",E15/$E$9) | G15: =SUM(G16:G39) -> 0 | H15: =IF($G$9=0,"",G15/$G$9) | J15: Initial Inventory Buildup | K15: ='INPUT - to fill in'!D57 -> 0
B16: ='INPUT - to fill in'!A70 -> Rental of property | C16: ='INPUT - to fill in'!Q70 -> 0 | D16: =IF($C$9=0,"",C16/$C$9) | E16: ='INPUT - to fill in'!R70 -> 0 | F16: =IF($E$9=0,"",E16/$E$9) | G16: ='INPUT - to fill in'!S70 -> 0 | H16: =IF($G$9=0,"",G16/$G$9) | J16: Recoverable VAT | K16: ='INPUT - to fill in'!E59 -> 0
B17: ='INPUT - to fill in'!A71 -> Rental charges | C17: ='INPUT - to fill in'!Q71 -> 0 | D17: =IF($C$9=0,"",C17/$C$9) | E17: ='INPUT - to fill in'!R71 -> 0 | F17: =IF($E$9=0,"",E17/$E$9) | G17: ='INPUT - to fill in'!S71 -> 0 | H17: =IF($G$9=0,"",G17/$G$9) | J17: Loan Repayment | L17: ='Loan Calculator'!H3 -> 0 | M17: ='Loan Calculator'!H6 -> 0 | N17: ='Loan Calculator'!H9 -> 0
B18: ='INPUT - to fill in'!A72 -> Non-storable bills: water/electricity/gas | C18: ='INPUT - to fill in'!Q72 -> 0 | D18: =IF($C$9=0,"",C18/$C$9) | E18: ='INPUT - to fill in'!R72 -> 0 | F18: =IF($E$9=0,"",E18/$E$9) | G18: ='INPUT - to fill in'!S72 -> 0 | H18: =IF($G$9=0,"",G18/$G$9)
B19: ='INPUT - to fill in'!A73 -> Building taxes | C19: ='INPUT - to fill in'!Q73 -> 0 | D19: =IF($C$9=0,"",C19/$C$9) | E19: ='INPUT - to fill in'!R73 -> 0 | F19: =IF($E$9=0,"",E19/$E$9) | G19: ='INPUT - to fill in'!S73 -> 0 | H19: =IF($G$9=0,"",G19/$G$9) | J19: TOTAL RESOURCES | K19: =SUM(K20:K25) -> 0 | L19: =SUM(L20:L25) -> 0 | M19: =SUM(M20:M25) -> -535 | N19: =SUM(N20:N25) -> -535
B20: ='INPUT - to fill in'!A74 -> Furniture leasing | C20: ='INPUT - to fill in'!Q74 -> 0 | D20: =IF($C$9=0,"",C20/$C$9) | E20: ='INPUT - to fill in'!R74 -> 0 | F20: =IF($E$9=0,"",E20/$E$9) | G20: ='INPUT - to fill in'!S74 -> 0 | H20: =IF($G$9=0,"",G20/$G$9) | J20: Equity contribution / Capital | K20: ='INPUT - to fill in'!C248 -> 0
B21: ='INPUT - to fill in'!A75 -> Subcontracting | C21: ='INPUT - to fill in'!S228+'INPUT - to fill in'!Q75 -> 0 | D21: =IF($C$9=0,"",C21/$C$9) | E21: ='INPUT - to fill in'!R75+'INPUT - to fill in'!T228 -> 0 | F21: =IF($E$9=0,"",E21/$E$9) | G21: ='INPUT - to fill in'!U228+'INPUT - to fill in'!S75 -> 0 | H21: =IF($G$9=0,"",G21/$G$9) | J21: Associate loan | K21: ='INPUT - to fill in'!C249 -> 0
B22: ='INPUT - to fill in'!A77 -> Maintenance and repairs | C22: ='INPUT - to fill in'!Q77 -> 0 | D22: =IF($C$9=0,"",C22/$C$9) | E22: ='INPUT - to fill in'!R77 -> 0 | F22: =IF($E$9=0,"",E22/$E$9) | G22: ='INPUT - to fill in'!S77 -> 0 | H22: =IF($G$9=0,"",G22/$G$9) | J22: Bank loan | K22: ='INPUT - to fill in'!C250 -> 0
B23: ='INPUT - to fill in'!A78 -> Documentation and purchase of studies | C23: ='INPUT - to fill in'!Q78 -> 0 | D23: =IF($C$9=0,"",C23/$C$9) | E23: ='INPUT - to fill in'!R78 -> 0 | F23: =IF($E$9=0,"",E23/$E$9) | G23: ='INPUT - to fill in'!S78 -> 0 | H23: =IF($G$9=0,"",G23/$G$9) | J23: Grants | K23: ='INPUT - to fill in'!C253 -> 0
B24: ='INPUT - to fill in'!A79 -> Training costs | C24: ='INPUT - to fill in'!Q79 -> 0 | D24: =IF($C$9=0,"",C24/$C$9) | E24: ='INPUT - to fill in'!R79 -> 0 | F24: =IF($E$9=0,"",E24/$E$9) | G24: ='INPUT - to fill in'!S79 -> 0 | H24: =IF($G$9=0,"",G24/$G$9) | J24: Self-Financing | L24: =C65 -> 0 | M24: =E65 -> -535 | N24: =G63 -> -535
B25: ='INPUT - to fill in'!A80 -> Fees | C25: ='INPUT - to fill in'!Q80 -> 0 | D25: =IF($C$9=0,"",C25/$C$9) | E25: ='INPUT - to fill in'!R80 -> 0 | F25: =IF($E$9=0,"",E25/$E$9) | G25: ='INPUT - to fill in'!S80 -> 0 | H25: =IF($G$9=0,"",G25/$G$9)
B26: ='INPUT - to fill in'!A81 -> Insurance premium | C26: ='INPUT - to fill in'!Q81 -> 0 | D26: =IF($C$9=0,"",C26/$C$9) | E26: ='INPUT - to fill in'!R81 -> 0 | F26: =IF($E$9=0,"",E26/$E$9) | G26: ='INPUT - to fill in'!S81 -> 0 | H26: =IF($G$9=0,"",G26/$G$9) | J26: YEARLY GAP | K26: =K19-K9 -> 0 | L26: =L19-L9 -> 0 | M26: =M19-M9 -> -535 | N26: =N19-N9 -> -535
B27: ='INPUT - to fill in'!A82 -> Advertising | C27: ='INPUT - to fill in'!Q82 -> 0 | D27: =IF($C$9=0,"",C27/$C$9) | E27: ='INPUT - to fill in'!R82 -> 0 | F27: =IF($E$9=0,"",E27/$E$9) | G27: ='INPUT - to fill in'!S82 -> 0 | H27: =IF($G$9=0,"",G27/$G$9) | J27: CUMULATIVE GAP | K27: =K26 -> 0 | L27: =L26+K27 -> 0 | M27: =M26+L27 -> -535 | N27: =N26+M27 -> -1070
B28: ='INPUT - to fill in'!A83 -> Travel and representation | C28: ='INPUT - to fill in'!Q83 -> 0 | D28: =IF($C$9=0,"",C28/$C$9) | E28: ='INPUT - to fill in'!R83 -> 0 | F28: =IF($E$9=0,"",E28/$E$9) | G28: ='INPUT - to fill in'!S83 -> 0 | H28: =IF($G$9=0,"",G28/$G$9)
B29: ='INPUT - to fill in'!A84 -> Transport of goods | C29: ='INPUT - to fill in'!Q84 -> 0 | D29: =IF($C$9=0,"",C29/$C$9) | E29: ='INPUT - to fill in'!R84 -> 0 | F29: =IF($E$9=0,"",E29/$E$9) | G29: ='INPUT - to fill in'!S84 -> 0 | H29: =IF($G$9=0,"",G29/$G$9) | J29: --------- KEY PERFORMANCE INDICATORS ---------
B30: ='INPUT - to fill in'!A85 -> Fleet insurance | C30: ='INPUT - to fill in'!Q85 -> 0 | D30: =IF($C$9=0,"",C30/$C$9) | E30: ='INPUT - to fill in'!R85 -> 0 | F30: =IF($E$9=0,"",E30/$E$9) | G30: ='INPUT - to fill in'!S85 -> 0 | H30: =IF($G$9=0,"",G30/$G$9)
B31: ='INPUT - to fill in'!A86 -> Fleet-related taxes | C31: ='INPUT - to fill in'!Q86 -> 0 | D31: =IF($C$9=0,"",C31/$C$9) | E31: ='INPUT - to fill in'!R86 -> 0 | F31: =IF($E$9=0,"",E31/$E$9) | G31: ='INPUT - to fill in'!S86 -> 0 | H31: =IF($G$9=0,"",G31/$G$9) | J31: INDICATORS | K31: YEAR 1 | L31: YEAR 2 | M31: YEAR 3
B32: ='INPUT - to fill in'!A87 -> Use of temporary staff | C32: ='INPUT - to fill in'!Q87 -> 0 | D32: =IF($C$9=0,"",C32/$C$9) | E32: ='INPUT - to fill in'!R87 -> 0 | F32: =IF($E$9=0,"",E32/$E$9) | G32: ='INPUT - to fill in'!S87 -> 0 | H32: =IF($G$9=0,"",G32/$G$9) | J32: BREAK-EVEN POINT | K32: =IF(DATA!H167<>0,DATA!H165,"") | L32: =IF(DATA!I167<>0,DATA!I165,"") | M32: =IF(DATA!J167<>0,DATA!J165,"")
B33: ='INPUT - to fill in'!A88 -> Telephone and internet fees | C33: ='INPUT - to fill in'!Q88 -> 0 | D33: =IF($C$9=0,"",C33/$C$9) | E33: ='INPUT - to fill in'!R88 -> 0 | F33: =IF($E$9=0,"",E33/$E$9) | G33: ='INPUT - to fill in'!S88 -> 0 | H33: =IF($G$9=0,"",G33/$G$9)
B34: ='INPUT - to fill in'!A89 -> Website management fees | C34: ='INPUT - to fill in'!Q89 -> 0 | D34: =IF($C$9=0,"",C34/$C$9) | E34: ='INPUT - to fill in'!R89 -> 0 | F34: =IF($E$9=0,"",E34/$E$9) | G34: ='INPUT - to fill in'!S89 -> 0 | H34: =IF($G$9=0,"",G34/$G$9)
B35: ='INPUT - to fill in'!A90 -> Bank services | C35: ='INPUT - to fill in'!Q90 -> 0 | D35: =IF($C$9=0,"",C35/$C$9) | E35: ='INPUT - to fill in'!R90 -> 0 | F35: =IF($E$9=0,"",E35/$E$9) | G35: ='INPUT - to fill in'!S90 -> 0 | H35: =IF($G$9=0,"",G35/$G$9) | J35: BREAK-EVEN POINT ON A 360-DAY BASIS | K35: =IF(K32<>"",K32/(C9/360),"") | L35: =IF(L32<>"",L32/(E9/360),"") | M35: =IF(M32<>"",M32/(G9/360),"")
B36: ='INPUT - to fill in'!A91 -> Loan interest | C36: ='INPUT - to fill in'!Q91 -> 0 | D36: =IF($C$9=0,"",C36/$C$9) | E36: ='INPUT - to fill in'!R91 -> 0 | F36: =IF($E$9=0,"",E36/$E$9) | G36: ='INPUT - to fill in'!S91 -> 0 | H36: =IF($G$9=0,"",G36/$G$9)
B37: ='INPUT - to fill in'!A92 -> Transaction commissions | C37: ='INPUT - to fill in'!Q92 -> 0 | D37: =IF($C$9=0,"",C37/$C$9) | E37: ='INPUT - to fill in'!R92 -> 0 | F37: =IF($E$9=0,"",E37/$E$9) | G37: ='INPUT - to fill in'!S92 -> 0 | H37: =IF($G$9=0,"",G37/$G$9)
B38: ='INPUT - to fill in'!A93 -> Miscellaneous expenses 1 | C38: ='INPUT - to fill in'!Q93 -> 0 | D38: =IF($C$9=0,"",C38/$C$9) | E38: ='INPUT - to fill in'!R93 -> 0 | F38: =IF($E$9=0,"",E38/$E$9) | G38: ='INPUT - to fill in'!S93 -> 0 | H38: =IF($G$9=0,"",G38/$G$9) | J38: SAFETY MARGIN | K38: =IF(K32<>"",(C9-K32)/C9,"") | L38: =IF(L32<>"",(E9-L32)/E9,"") | M38: =IF(M32<>"",(G9-M32)/G9,"")
B39: ='INPUT - to fill in'!A94 -> Miscellaneous expenses 2 | C39: ='INPUT - to fill in'!Q94 -> 0 | D39: =IF($C$9=0,"",C39/$C$9) | E39: ='INPUT - to fill in'!R94 -> 0 | F39: =IF($E$9=0,"",E39/$E$9) | G39: ='INPUT - to fill in'!S94 -> 0 | H39: =IF($G$9=0,"",G39/$G$9)
B41: = ADDED VALUE | C41: =C13-C15 -> 0 | D41: =IF($C$9=0,"",C41/$C$9) | E41: =E13-E15 -> 0 | F41: =IF($E$9=0,"",E41/$E$9) | G41: =G13-G15 -> 0 | H41: =IF($G$9=0,"",G41/$G$9) | J41: FINANCIAL INDEPENDENCE RATIO | K41: =IF('INPUT - to fill in'!C250>0,(K20+L20+L24)/(K20+L20+L24+K21+L21+K23+L23+'Loan Calculator'!H5),"100%") -> 100% | L41: =IF('INPUT - to fill in'!C250>0,(M20+M24)/(M20+M24+M23+M21+M22+'Loan Calculator'!H8),"100%") -> 100% | M41: =IF('INPUT - to fill in'!C250>0,(N20+N24)/(N20+N24+N23+N21+N22+'Loan Calculator'!H11),"100%") -> 100%
B43: - EMPLOYEE EXPENSES | C43: =SUM(C44:C46) -> 0 | D43: =IF($C$9=0,"",C43/$C$9) | E43: =SUM(E44:E46) -> 0 | F43: =IF($E$9=0,"",E43/$E$9) | G43: =SUM(G44:G46) -> 0 | H43: =IF($G$9=0,"",G43/$G$9)
B44: Excecutive's Remuneration | C44: =SUM('INPUT - to fill in'!P129) -> 0 | D44: =IF($C$9=0,"",C44/$C$9) | E44: =SUM('INPUT - to fill in'!Q129) -> 0 | F44: =IF($E$9=0,"",E44/$E$9) | G44: =SUM('INPUT - to fill in'!R129) -> 0 | H44: =IF($G$9=0,"",G44/$G$9) | J44: YEARLY CASHFLOW | K44: =L24 -> 0 | L44: =M24 -> -535 | M44: =N24 -> -535
B45: Employee Remuneration | C45: =SUM('INPUT - to fill in'!P130:P135) -> 0 | D45: =IF($C$9=0,"",C45/$C$9) | E45: =SUM('INPUT - to fill in'!Q130:Q135) -> 0 | F45: =IF($E$9=0,"",E45/$E$9) | G45: =SUM('INPUT - to fill in'!R130:R135) -> 0 | H45: =IF($G$9=0,"",G45/$G$9)
B46: Social Charges | C46: ='INPUT - to fill in'!P136 -> 0 | D46: =IF($C$9=0,"",C46/$C$9) | E46: ='INPUT - to fill in'!Q136 -> 0 | F46: =IF($E$9=0,"",E46/$E$9) | G46: ='INPUT - to fill in'!R136 -> 0 | H46: =IF($G$9=0,"",G46/$G$9)
J47: ------------------------------------------------------------ CASH FLOW ANALYSIS ------------------------------------------------------------------
B48: = EARNINGS BEFORE INTEREST, TAXES, DEPRECIATION, AND AMORTIZATION (EBITDA) | C48: =C41-C43 -> 0 | D48: =IF($C$9=0,"",C48/$C$9) | E48: =E41-E43 -> 0 | F48: =IF($E$9=0,"",E48/$E$9) | G48: =G41-G43 -> 0 | H48: =IF($G$9=0,"",G48/$G$9)
J49: CASH FLOW ANALYSIS | K49: Month 1 | L49: Month 2 | M49: Month 3 | N49: Month 4 | O49: Month 5 | P49: Month 6 | Q49: Month 7 | R49: Month 8 | S49: Month 9 | T49: Month 10 | U49: Month 11 | V49: Month 12
B50: - VALUE CORRECTION | C50: ='INPUT - to fill in'!H59 -> 0 | D50: =IF($C$9=0,"",C50/$C$9) | E50: ='INPUT - to fill in'!I59 -> 0 | F50: =IF($E$9=0,"",E50/$E$9) | G50: ='INPUT - to fill in'!J59 -> 0 | H50: =IF($G$9=0,"",G50/$G$9) | P50: Cash in
J51: Turnover | K51: ='INPUT - to fill in'!G226 -> 0 | L51: ='INPUT - to fill in'!H226 -> 0 | M51: ='INPUT - to fill in'!I226 -> 0 | N51: ='INPUT - to fill in'!J226 -> 0 | O51: ='INPUT - to fill in'!K226 -> 0 | P51: ='INPUT - to fill in'!L226 -> 0 | Q51: ='INPUT - to fill in'!M226 -> 0 | R51: ='INPUT - to fill in'!N226 -> 0 | ... V51: ='INPUT - to fill in'!R226 -> 0
B52: = EARNINGS BEFORE INTEREST AND TAXES (EBIT) | C52: =C48-C50 -> 0 | D52: =IF($C$9=0,"",C52/$C$9) | E52: =E48-E50 -> 0 | F52: =IF($E$9=0,"",E52/$E$9) | G52: =G48-G50 -> 0 | H52: =IF($G$9=0,"",G52/$G$9) | J52: Equity Capital | K52: ='INPUT - to fill in'!C248+'INPUT - to fill in'!C249+'INPUT - to fill in'!C253 -> 0
J53: Bank Funding | K53: ='INPUT - to fill in'!C250 -> 0
B54: - FINANCIAL EXPENSES | C54: ='Loan Calculator'!H4 -> 0 | D54: =IF($C$9=0,"",C54/$C$9) | E54: ='Loan Calculator'!H7 -> 0 | F54: =IF($E$9=0,"",E54/$E$9) | G54: ='Loan Calculator'!H10 -> 0 | H54: =IF($G$9=0,"",G54/$G$9) | J54: TOTAL RECEIPTS | K54: =SUM(K51:K53) -> 0 | L54: =SUM(L51:L53) -> 0 | M54: =SUM(M51:M53) -> 0 | N54: =SUM(N51:N53) -> 0 | O54: =SUM(O51:O53) -> 0 | P54: =SUM(P51:P53) -> 0 | Q54: =SUM(Q51:Q53) -> 0 | R54: =SUM(R51:R53) -> 0 | ... V54: =SUM(V51:V53) -> 0
P55: Cash out
B56: = PROFIT BEFORE TAX | C56: =C52-C54 -> 0 | D56: =IF($C$9=0,"",C56/$C$9) | E56: =E52-E54 -> 0 | F56: =IF($E$9=0,"",E56/$E$9) | G56: =G52-G54 -> 0 | H56: =IF($G$9=0,"",G56/$G$9) | J56: Purchases of Goods | K56: ='INPUT - to fill in'!G229 -> 0 | L56: ='INPUT - to fill in'!H229 -> 0 | M56: ='INPUT - to fill in'!I229 -> 0 | N56: ='INPUT - to fill in'!J229 -> 0 | O56: ='INPUT - to fill in'!K229 -> 0 | P56: ='INPUT - to fill in'!L229 -> 0 | Q56: ='INPUT - to fill in'!M229 -> 0 | R56: ='INPUT - to fill in'!N229 -> 0 | ... V56: ='INPUT - to fill in'!R229 -> 0
J57: Consumables from Third Parties | K57: ='INPUT - to fill in'!E121 -> 0 | L57: ='INPUT - to fill in'!F121 -> 0 | M57: ='INPUT - to fill in'!G121 -> 0 | N57: ='INPUT - to fill in'!H121 -> 0 | O57: ='INPUT - to fill in'!I121 -> 0 | P57: ='INPUT - to fill in'!J121 -> 0 | Q57: ='INPUT - to fill in'!K121 -> 0 | R57: ='INPUT - to fill in'!L121 -> 0 | ... V57: ='INPUT - to fill in'!P121 -> 0
B58: - TAXES | C58: =IFERROR((IF(C61>C59,(C61+C60),(C60+C59))),0) -> 0 | D58: =IF($C$9=0,"",C58/$C$9) | E58: =IFERROR((IF(E61>E59,(E61+E60),(E60+E59))),0) -> 535 | F58: =IF($E$9=0,"",E58/$E$9) | G58: =IFERROR((IF(G61>G59,(G61+G60),(G60+G59))),0) -> 535 | H58: =IF($G$9=0,"",G58/$G$9) | J58: Employee Costs | K58: ='INPUT - to fill in'!D143 -> 0 | L58: ='INPUT - to fill in'!E143 -> 0 | M58: ='INPUT - to fill in'!F143 -> 0 | N58: ='INPUT - to fill in'!G143 -> 0 | O58: ='INPUT - to fill in'!H143 -> 0 | P58: ='INPUT - to fill in'!I143 -> 0 | Q58: ='INPUT - to fill in'!J143 -> 0 | R58: ='INPUT - to fill in'!K143 -> 0 | ... V58: ='INPUT - to fill in'!O143 -> 0
B59: Income Tax | C59: =IF(C56<0,"",IF(C56<'INPUT - to fill in'!$C$23,'OUTPUT - analysis'!C56*'INPUT - to fill in'!$C$22*(1+'INPUT - to fill in'!$C$24),'OUTPUT - analysis'!C56*'INPUT - to fill in'!$C$21*(1+'INPUT - to fill in'!$C$24))) -> 0 | D59: =IF(C56<1,"",C59/C56) | E59: =IF(E56<0,"",IF(E56<'INPUT - to fill in'!$C$23,'OUTPUT - analysis'!E56*'INPUT - to fill in'!$C$22*(1+'INPUT - to fill in'!$C$24),'OUTPUT - analysis'!E56*'INPUT - to fill in'!$C$21*(1+'INPUT - to fill in'!$C$24))) -> 0 | F59: =IF(E56<1,"",E59/E56) | G59: =IF(G56<0,"",IF(G56<'INPUT - to fill in'!$C$23,'OUTPUT - analysis'!G56*'INPUT - to fill in'!$C$22*(1+'INPUT - to fill in'!$C$24),'OUTPUT - analysis'!G56*'INPUT - to fill in'!$C$21*(1+'INPUT - to fill in'!$C$24))) -> 0 | H59: =IF(G56<1,"",G59/G56) | J59: Payable VAT | K59: =IF('INPUT - to fill in'!C239<0,0,'INPUT - to fill in'!C239) -> 0 | L59: =IF('INPUT - to fill in'!D239<0,0,'INPUT - to fill in'!D239) -> 0 | M59: =IF('INPUT - to fill in'!E239<0,0,'INPUT - to fill in'!E239) -> 0 | N59: =IF('INPUT - to fill in'!F239<0,0,'INPUT - to fill in'!F239) -> 0 | O59: =IF('INPUT - to fill in'!G239<0,0,'INPUT - to fill in'!G239) -> 0 | P59: =IF('INPUT - to fill in'!H239<0,0,'INPUT - to fill in'!H239) -> 0 | Q59: =IF('INPUT - to fill in'!I239<0,0,'INPUT - to fill in'!I239) -> 0 | R59: =IF('INPUT - to fill in'!J239<0,0,'INPUT - to fill in'!J239) -> 0 | ... V59: =IF('INPUT - to fill in'!N239<0,0,'INPUT - to fill in'!N239) -> 0
B60: Municipal Business Tax | C60: =IFERROR(IF(C56>'INPUT - to fill in'!C20,(C56-'INPUT - to fill in'!C20)*'OUTPUT - analysis'!D60,0),0) -> 0 | D60: ='INPUT - to fill in'!C19 | E60: =IFERROR(IF(E56>'INPUT - to fill in'!E20,(E56-'INPUT - to fill in'!E20)*'OUTPUT - analysis'!F60,0),0) -> 0 | F60: ='INPUT - to fill in'!C19 | G60: =IFERROR(IF(G56>'INPUT - to fill in'!G20,(G56-'INPUT - to fill in'!G20)*'OUTPUT - analysis'!H60,0),0) -> 0 | H60: ='INPUT - to fill in'!C19 | J60: Investments | K60: ='INPUT - to fill in'!F59 -> 0
B61: Net Wealth Tax | D61: =IF($C$9=0,"",C61/$C$9) | E61: 535 | F61: =IF($E$9=0,"",E61/$E$9) | G61: 535 | H61: =IF($G$9=0,"",G61/$G$9) | J61: Loan Repayments | K61: ='Loan Calculator'!E13 | L61: ='Loan Calculator'!E14 | M61: ='Loan Calculator'!E15 | N61: ='Loan Calculator'!E16 | O61: ='Loan Calculator'!E17 | P61: ='Loan Calculator'!E18 | Q61: ='Loan Calculator'!E19 | R61: ='Loan Calculator'!E20 | S61: ='Loan Calculator'!E21 | T61: ='Loan Calculator'!E22 | U61: ='Loan Calculator'!E23 | V61: ='Loan Calculator'!E24
B62: =IF('INPUT - to fill in'!C15=DATA!A49,DATA!A23,"") -> Please note! Please fill in your registration commune in cell C15 of the INPUT sheet. | J62: TOTAL PAYMENTS | K62: =SUM(K56:K61) -> 0 | L62: =SUM(L56:L61) -> 0 | M62: =SUM(M56:M61) -> 0 | N62: =SUM(N56:N61) -> 0 | O62: =SUM(O56:O61) -> 0 | P62: =SUM(P56:P61) -> 0 | Q62: =SUM(Q56:Q61) -> 0 | R62: =SUM(R56:R61) -> 0 | ... V62: =SUM(V56:V61) -> 0
B63: = NET PROFIT | C63: =C56-C58 -> 0 | D63: =IF($C$9=0,"",C63/$C$9) | E63: =E56-E58 -> -535 | F63: =IF($E$9=0,"",E63/$E$9) | G63: =G56-G58 -> -535 | H63: =IF($G$9=0,"",G63/$G$9) | P63: Free cash
F64: =IF($E$9=0,"",E64/$E$9) | J64: ENDING BALANCE | K64: =K54-K62 -> 0 | L64: =L54-L62 -> 0 | M64: =M54-M62 -> 0 | N64: =N54-N62 -> 0 | O64: =O54-O62 -> 0 | P64: =P54-P62 -> 0 | Q64: =Q54-Q62 -> 0 | R64: =R54-R62 -> 0 | ... V64: =V54-V62 -> 0
B65: = CASHFLOW | C65: =C63+C50 -> 0 | D65: =IF($C$9=0,"",C65/$C$9) | E65: =E63+E50 -> -535 | F65: =IF($E$9=0,"",E65/$E$9) | G65: =G63+G50 -> -535 | H65: =IF($G$9=0,"",G65/$G$9) | J65: CUMULATIVE BALANCE | K65: =K64 -> 0 | L65: =K65+L64 -> 0 | M65: =L65+M64 -> 0 | N65: =M65+N64 -> 0 | O65: =N65+O64 -> 0 | P65: =O65+P64 -> 0 | Q65: =P65+Q64 -> 0 | R65: =Q65+R64 -> 0 | S65: =R65+S64 -> 0 | ... V65: =U65+V64 -> 0
B74: ------------------------------------------------------------ COMMENTS ------------------------------------------------------------------ | M74: ------------------------------------------------------------ CHALLENGES ------------------------------------------------------------------
B78: Please note that the amounts shown above for social security contributions and taxes are indicative only. Your actual amounts will be calculated and shared by the relevant authorities. | M78: Comments in the “Challenge” section are optional and serve as thought-provoking alerts. If you can justify the entries concerned by these comments, you can ignore them. However, these challenges may highlight certain errors specific to your field of activity
A83: =IF(B83<>"","1","") -> 1 | B83: =IF(DATA!B3<>"",DATA!B3,"") -> Your municipal business tax is 0 because your profit before tax is less than €17,500. | L83: =IF(M83<>"","1","") | M83: =IF(DATA!H3<>"",DATA!H3,"")
A86: =IF(B86<>"","2","") -> 2 | B86: =IF(DATA!B4<>"",DATA!B4,"") -> Your corporate income tax (CIT/IRC) is 14.98% because your profit is less than €175,000. | L86: =IF(M86<>"","2","") | M86: =IF(DATA!H4<>"",DATA!H4,"")
A89: =IF(B89<>"","3","") -> 3 | B89: =IF(DATA!B5<>"",DATA!B5,"") -> If your turnover is less than €112,000, you have to pay and declare VAT on an annual basis. If this is the case, make sure you manage your VAT properly so that you have the funds to pay the collected VAT to the AED. | L89: =IF(M89<>"","3","") | M89: =IF(DATA!H5<>"",DATA!H5,"")
A92: =IF(B92<>"","4","") | B92: =IF(DATA!B6<>"",DATA!B6,"") | L92: =IF(M92<>"","4","") | M92: =IF(DATA!H6<>"",DATA!H6,"")
A95: =IF(B95<>"","5","") | B95: =IF(DATA!B7<>"",DATA!B7,"")
A98: =IF(B98<>"","6","") | B98: =IF(DATA!B8<>"",DATA!B8,"")
A101: =IF(B101<>"","7","") | B101: =IF(DATA!B9<>"",DATA!B9,"")

Sheet OUTPUT - Explanation
B1: Explanations
B4: -------------------------------- PROFIT AND LOSS ------------------------------- | E4: ----------------- FINANCIAL PLAN ---------------------
B6: PROFITABILITY ANALYSIS | C6: Explanations | E6: FINANCIAL PLAN | F6: Explanations
B7: + TURNOVER | C7: Total sales of goods / service provision per year | E7: TOTAL INVESTMENTS TO FINANCE
E8: Incorporation Expenses and Related Costs | F8: The financial plan is the table that gives all the comprising elements of investments required for the creation of the company and all its associated costs. Additionally, it includes the financial resources that will be used to finance the project.
B9: - PURCHASE OF GOOD | C9: Total annual purchases of goods | E9: Intangible Assets
E10: Tangible Assets
B11: = GROSS MARGIN | C11: The gross profit corresponds to the difference between the selling price and the purchase price of goods or services. | E11: Financial Assets | F11: The numbers filled in the investments to finance, are derived from the depreciations calculations made in the “Investments” section of the “INPUT – to fill in” tab.
E12: Initial Cash / Treasury
B13: CONSUMPTION FORM THIRD PARTIES | E13: Initial Inventory Buildup
B14: ='OUTPUT - analysis'!B16 -> Rental of property | C14: The consumption from third parties permits the evaluation of the intermediary consumption which represents the goods and services purchased from external third parties outside of the company. They include everything that the company purchases from outside (goods and services), excluding employee expenses, financial expenses, and exceptional charges. | E14: Recoverable VAT
B15: ='OUTPUT - analysis'!B17 -> Rental charges | E15: Loan Repayment
B16: ='OUTPUT - analysis'!B18 -> Non-storable bills: water/electricity/gas
B17: ='OUTPUT - analysis'!B19 -> Building taxes | E17: TOTAL RESOURCES | F17: The numbers filled in the resources need to be filled out in the lines 249-255 from the “INPUT – to fill in” tab.
B18: ='OUTPUT - analysis'!B20 -> Furniture leasing | E18: Equity contribution / Capital | F18: 0
B19: ='OUTPUT - analysis'!B21 -> Subcontracting | E19: Associate loan | F19: 0
B20: ='OUTPUT - analysis'!B22 -> Maintenance and repairs | E20: Bank loan | F20: 0
B21: ='OUTPUT - analysis'!B23 -> Documentation and purchase of studies | E21: Grants | F21: 0
B22: ='OUTPUT - analysis'!B24 -> Training costs | E22: Self-Financing
B23: ='OUTPUT - analysis'!B25 -> Fees
B24: ='OUTPUT - analysis'!B26 -> Insurance premium | E24: YEARLY GAP | F24: The yearly gap should not be negative, as this would mean that the financial resources are not sufficient to finance the investments
B25: ='OUTPUT - analysis'!B27 -> Advertising | E25: CUMULATIVE GAP
B26: ='OUTPUT - analysis'!B28 -> Travel and representation
B27: ='OUTPUT - analysis'!B29 -> Transport of goods
B28: ='OUTPUT - analysis'!B30 -> Fleet insurance
B29: ='OUTPUT - analysis'!B31 -> Fleet-related taxes | E29: ----------------- KEY PERFORMANCE INDICATORS ---------------------
B30: ='OUTPUT - analysis'!B32 -> Use of temporary staff
B31: ='OUTPUT - analysis'!B33 -> Telephone and internet fees | E31: INDICATORS | F31: Explanations
B32: ='OUTPUT - analysis'!B34 -> Website management fees | E32: BREAK-EVEN POINT | F32: The break-even point corresponds to the level of sales (excluding tax) that a business needs to achieve over the course of an accounting year to cover all its expenses.
B33: ='OUTPUT - analysis'!B35 -> Bank services
B34: ='OUTPUT - analysis'!B36 -> Loan interest | E34: BREAK-EVEN POINT ON A 360-DAY BASIS | F34: Breakeven point is the number of days before a company reaches its break-even point.
B35: ='OUTPUT - analysis'!B37 -> Transaction commissions
B36: ='OUTPUT - analysis'!B38 -> Miscellaneous expenses 1 | E36: SAFETY MARGIN | F36: The safety margin is the difference between sales and the break-even point. The greater the deviation, the greater the safety margin.
B37: ='OUTPUT - analysis'!B39 -> Miscellaneous expenses 2
E38: FINANCIAL INDEPENDENCE RATIO | F38: This ratio is used to measure a business's financial equilibrium, i.e. how much of the total investment is equity. The closer this ratio is to 0%, the more indebted the company.
B39: = ADDED VALUE | C39: The added value is the economic indicator that measures the value or wealth created by the company during a year.
B41: - EMPLOYEE EXPENSES | E41: YEARLY CASHFLOW | F41: All the financial resources generated by the business to ensure its financing. This data is very important for the financial investors (banks or private investors) as it shows the ability to repay this financing.
B42: ='OUTPUT - analysis'!B44 -> Excecutive's Remuneration | C42: Personnel expenses include all salaries and remuneration paid to employees and company executives. This category comprises gross salaries of employees and social security contributions.
B43: ='OUTPUT - analysis'!B45 -> Employee Remuneration
B44: ='OUTPUT - analysis'!B46 -> Social Charges
B46: = EARNINGS BEFORE INTEREST, TAXES, DEPRECIATION, AND AMORTIZATION (EBITDA) | C46: EBITDA is a financial indicator that allows evaluating the profitability of the activity without considering its financing and investment methods. | E46: ------------------------------------------------------------ CASHFLOW ANALYSIS ------------------------------------------------------------------
B48: - VALUE CORRECTION | C48: Depreciation of assets held by the company. | E48: Cashflow Analysis | F48: Explanations
B50: = EARNINGS BEFORE INTEREST AND TAXES (EBIT) | C50: Performance of the company's activity, the profitability of its economic model. | E50: Turnover | F50: This table represents the remaining cash between the cash inflows and outflows of the company.
E51: Equity Capital
B52: - FINANCIAL EXPENSES | C52: All expenses related to financial loans contracted by a company (interests). | E52: Bank Funding
E53: TOTAL RECEIPTS
B54: = PROFIT BEFORE TAX | C54: Profit before taxes
E55: Purchases of Goods
B56: - TAXES | C56: Total taxes | E56: Consumables from Third Parties
B57: Income Tax | C57: Corporate Income Tax. | E57: Employee Costs
B58: Municipal Business Tax | C58: The communal business tax rate varies between 6.75% and 12% depending on the municipality in which the company is established | E58: VAT Payable
B59: Net Wealth Tax | C59: The Net Wealth Tax is 535 EUR per year and is due if the company is established on January 1st. | E59: Investments
E60: Loan Repayments
B61: = NET PROFIT | C61: Net income. Good to know: all companies are required to set aside reserves and pay back 5% of their profits, until these reserves represent 10% of their share capital. For a SARL-S, there is an obligation to allocate 5% of annual net profit to reserves. This obligation exists until the reserve fund, added to the company's subscribed and paid-up share capital, reaches the minimum share capital for a “classic” SARL, i.e. 12,000 euros.” | E61: TOTAL PAYMENTS
B63: = CASHFLOW | C63: The cash generated by the company to finance itself or repay its debts. Cash flow represents the liquidity available to pay down debts and invest, while net income reflects the company's accounting result (including non-cashable expenses). A non-cashable expense is a booked expenditure that does not result in a cash outflow (e.g. depreciation, amortization and provisions). Cash flow is therefore calculated by adding non-cash expenses to net income. | E63: ENDING BALANCE | F63: The balance at the end of the month can be negative if the company experiences declines in activity during certain periods.
E64: CUMULATIVE BALANCE | F64: If there are negative figures on the cumulative balance, financing options (credit line, bank overdraft, etc.) will need to be considered.
E68: --------------------------------------------------------- EVOLUTION OF THE TURNOVER VS THE BREAK-EVEN POINT -------------------------------------------------------------
E70: EVOLUTION OF THE TURNOVER | F70: Explanations
E71: TURNOVER | F71: The actual turnover/revenue of the business
E72: BREAK-EVEN POINT | F72: The break-even point is the amount of gross turnover to be achieved during a period to reach a balance, that is, a result equal to zero (total expenses = total revenue).

Sheet PRINT VERSION
B6: ANALYSIS OF PROFITABILITY | K6: FINANCIAL PLAN | S6: Turnover
B8: ANALYSIS OF PROFITABILITY | C8: YEAR 1 | D8: % of TO | E8: YEAR 2 | F8: % of TO | G8: YEAR 3 | H8: % of TO | K8: FINANCIAL PLAN | L8: Start | M8: YEAR 1 | N8: YEAR 2 | O8: YEAR 3 | S8: VAT | T8: Product Description | U8: Average price | V8: Month 1 | W8: Month 2 | X8: Month 3 | Y8: Month 4 | Z8: Month 5 | AA8: Month 6
B9: + TURNOVER | C9: ='INPUT - to fill in'!S225 -> 0 | D9: =IF($C$9=0,"",C9/$C$9) | E9: ='INPUT - to fill in'!T225 -> 0 | F9: =IF($E$9=0,"",E9/$E$9) | G9: ='INPUT - to fill in'!U225 -> 0 | H9: =IF($G$9=0,"",G9/$G$9) | K9: TOTAL INVESTMENTS TO FINANCE | L9: =SUM(L10:L17) -> 0 | M9: =SUM(M10:M17) -> 0 | N9: =SUM(N10:N17) -> 0 | O9: =SUM(O10:O17) -> 0 | V9: Mois 7
K10: Incorporation Expenses and Related Costs | L10: ='INPUT - to fill in'!D33 -> 0 | S10: 0.17 | T10: ='INPUT - to fill in'!C154 -> Indicate your sales category here | U10: ='INPUT - to fill in'!$D$154 -> 0 | V10: ='INPUT - to fill in'!G155 -> 0 | W10: ='INPUT - to fill in'!H155 -> 0 | X10: ='INPUT - to fill in'!I155 -> 0 | Y10: ='INPUT - to fill in'!J155 -> 0 | Z10: ='INPUT - to fill in'!K155 -> 0 | AA10: ='INPUT - to fill in'!L155 -> 0
B11: - PURCHASE OF GOODS | C11: ='INPUT - to fill in'!S227 -> 0 | D11: =IF($C$9=0,"",C11/$C$9) | E11: ='INPUT - to fill in'!T227 -> 0 | F11: =IF($E$9=0,"",E11/$E$9) | G11: ='INPUT - to fill in'!U227 -> 0 | H11: =IF($G$9=0,"",G11/$G$9) | K11: Intangible Assets Intangible Assets | L11: =SUM('INPUT - to fill in'!D34:D37) -> 0 | S11: htva
K12: Tangible Assets | L12: =SUM('INPUT - to fill in'!D38:D54) -> 0 | S12: 0.17 | T12: ='INPUT - to fill in'!C161 -> Indicate your sales category here | U12: ='INPUT - to fill in'!$D$161 -> 0 | V12: ='INPUT - to fill in'!G162 -> 0 | W12: ='INPUT - to fill in'!H162 -> 0 | X12: ='INPUT - to fill in'!I162 -> 0 | Y12: ='INPUT - to fill in'!J162 -> 0 | Z12: ='INPUT - to fill in'!K162 -> 0 | AA12: ='INPUT - to fill in'!L162 -> 0
B13: = GROSS MARGIN | C13: =C9-C11 -> 0 | D13: =IF($C$9=0,"",C13/$C$9) | E13: =E9-E11 -> 0 | F13: =IF($E$9=0,"",E13/$E$9) | G13: =G9-G11 -> 0 | H13: =IF($G$9=0,"",G13/$G$9) | K13: Financial Assets | L13: =SUM('INPUT - to fill in'!D55:D56) -> 0 | S13: htva | U13: =U12 -> 0
K14: Initial Cash / Treasury | L14: ='INPUT - to fill in'!D58 -> 0 | S14: 0.17 | T14: ='INPUT - to fill in'!C168 -> Indicate your sales category here | U14: ='INPUT - to fill in'!$D$168 -> 0 | V14: ='INPUT - to fill in'!G169 -> 0 | W14: ='INPUT - to fill in'!H169 -> 0 | X14: ='INPUT - to fill in'!I169 -> 0 | Y14: ='INPUT - to fill in'!J169 -> 0 | Z14: ='INPUT - to fill in'!K169 -> 0 | AA14: ='INPUT - to fill in'!L169 -> 0
B15: - CONSUMPTION FROM THIRD PARTIES | C15: =SUM(C16:C39) -> 0 | D15: =IF($C$9=0,"",C15/$C$9) | E15: =SUM(E16:E39) -> 0 | F15: =IF($E$9=0,"",E15/$E$9) | G15: =SUM(G16:G39) -> 0 | H15: =IF($G$9=0,"",G15/$G$9) | K15: Initial Inventory Buildup | L15: ='INPUT - to fill in'!D57 -> 0 | S15: htva | U15: =U14 -> 0
B16: ='INPUT - to fill in'!A70 -> Rental of property | C16: ='INPUT - to fill in'!Q70 -> 0 | D16: =IF($C$9=0,"",C16/$C$9) | E16: ='INPUT - to fill in'!R70 -> 0 | F16: =IF($E$9=0,"",E16/$E$9) | G16: ='INPUT - to fill in'!S70 -> 0 | H16: =IF($G$9=0,"",G16/$G$9) | K16: Recoverable VAT | L16: ='INPUT - to fill in'!E59 -> 0 | S16: 0.17 | T16: ='INPUT - to fill in'!C175 -> Indicate your sales category here | U16: ='INPUT - to fill in'!$D$175 -> 0 | V16: ='INPUT - to fill in'!G176 -> 0 | W16: ='INPUT - to fill in'!H176 -> 0 | X16: ='INPUT - to fill in'!I176 -> 0 | Y16: ='INPUT - to fill in'!J176 -> 0 | Z16: ='INPUT - to fill in'!K176 -> 0 | AA16: ='INPUT - to fill in'!L176 -> 0
B17: ='INPUT - to fill in'!A71 -> Rental charges | C17: ='INPUT - to fill in'!Q71 -> 0 | D17: =IF($C$9=0,"",C17/$C$9) | E17: ='INPUT - to fill in'!R71 -> 0 | F17: =IF($E$9=0,"",E17/$E$9) | G17: ='INPUT - to fill in'!S71 -> 0 | H17: =IF($G$9=0,"",G17/$G$9) | K17: Loan Repayment | M17: ='Loan Calculator'!H3 -> 0 | N17: ='Loan Calculator'!H6 -> 0 | O17: ='Loan Calculator'!H9 -> 0 | S17: htva | U17: =U16 -> 0
B18: ='INPUT - to fill in'!A72 -> Non-storable bills: water/electricity/gas | C18: ='INPUT - to fill in'!Q72 -> 0 | D18: =IF($C$9=0,"",C18/$C$9) | E18: ='INPUT - to fill in'!R72 -> 0 | F18: =IF($E$9=0,"",E18/$E$9) | G18: ='INPUT - to fill in'!S72 -> 0 | H18: =IF($G$9=0,"",G18/$G$9) | S18: 0.17 | T18: ='INPUT - to fill in'!C182 -> Indicate your sales category here | U18: ='INPUT - to fill in'!$D$182 -> 0 | V18: ='INPUT - to fill in'!G183 -> 0 | W18: ='INPUT - to fill in'!H183 -> 0 | X18: ='INPUT - to fill in'!I183 -> 0 | Y18: ='INPUT - to fill in'!J183 -> 0 | Z18: ='INPUT - to fill in'!K183 -> 0 | AA18: ='INPUT - to fill in'!L183 -> 0
B19: ='INPUT - to fill in'!A73 -> Building taxes | C19: ='INPUT - to fill in'!Q73 -> 0 | D19: =IF($C$9=0,"",C19/$C$9) | E19: ='INPUT - to fill in'!R73 -> 0 | F19: =IF($E$9=0,"",E19/$E$9) | G19: ='INPUT - to fill in'!S73 -> 0 | H19: =IF($G$9=0,"",G19/$G$9) | K19: TOTAL RESOURCES | L19: =SUM(L20:L25) -> 0 | M19: =SUM(M20:M25) -> 0 | N19: =SUM(N20:N25) -> -535 | O19: =SUM(O20:O25) -> -535 | S19: htva | U19: =U18 -> 0
B20: ='INPUT - to fill in'!A74 -> Furniture leasing | C20: ='INPUT - to fill in'!Q74 -> 0 | D20: =IF($C$9=0,"",C20/$C$9) | E20: ='INPUT - to fill in'!R74 -> 0 | F20: =IF($E$9=0,"",E20/$E$9) | G20: ='INPUT - to fill in'!S74 -> 0 | H20: =IF($G$9=0,"",G20/$G$9) | K20: Equity contribution / Capital | L20: ='INPUT - to fill in'!C248 -> 0 | S20: 0.17 | T20: ='INPUT - to fill in'!C189 -> Indicate your sales category here | U20: ='INPUT - to fill in'!$D$189 -> 0 | V20: ='INPUT - to fill in'!G190 -> 0 | W20: ='INPUT - to fill in'!H190 -> 0 | X20: ='INPUT - to fill in'!I190 -> 0 | Y20: ='INPUT - to fill in'!J190 -> 0 | Z20: ='INPUT - to fill in'!K190 -> 0 | AA20: ='INPUT - to fill in'!L190 -> 0
B21: ='INPUT - to fill in'!A75 -> Subcontracting | C21: ='INPUT - to fill in'!S228+'INPUT - to fill in'!Q75 -> 0 | D21: =IF($C$9=0,"",C21/$C$9) | E21: ='INPUT - to fill in'!R75+'INPUT - to fill in'!T228 -> 0 | F21: =IF($E$9=0,"",E21/$E$9) | G21: ='INPUT - to fill in'!U228+'INPUT - to fill in'!S75 -> 0 | H21: =IF($G$9=0,"",G21/$G$9) | K21: Associate loan | L21: ='INPUT - to fill in'!C249 -> 0 | S21: htva | U21: =U20 -> 0
B22: ='INPUT - to fill in'!A77 -> Maintenance and repairs | C22: ='INPUT - to fill in'!Q77 -> 0 | D22: =IF($C$9=0,"",C22/$C$9) | E22: ='INPUT - to fill in'!R77 -> 0 | F22: =IF($E$9=0,"",E22/$E$9) | G22: ='INPUT - to fill in'!S77 -> 0 | H22: =IF($G$9=0,"",G22/$G$9) | K22: Bank loan | L22: ='INPUT - to fill in'!C250 -> 0 | S22: htva | U22: Turnover excluding VAT | V22: ='INPUT - to fill in'!G225 -> 0 | W22: ='INPUT - to fill in'!H225 -> 0 | X22: ='INPUT - to fill in'!I225 -> 0 | Y22: ='INPUT - to fill in'!J225 -> 0 | Z22: ='INPUT - to fill in'!K225 -> 0 | AA22: ='INPUT - to fill in'!L225 -> 0
B23: ='INPUT - to fill in'!A78 -> Documentation and purchase of studies | C23: ='INPUT - to fill in'!Q78 -> 0 | D23: =IF($C$9=0,"",C23/$C$9) | E23: ='INPUT - to fill in'!R78 -> 0 | F23: =IF($E$9=0,"",E23/$E$9) | G23: ='INPUT - to fill in'!S78 -> 0 | H23: =IF($G$9=0,"",G23/$G$9) | K23: Grants | L23: ='INPUT - to fill in'!C253 -> 0
B24: ='INPUT - to fill in'!A79 -> Training costs | C24: ='INPUT - to fill in'!Q79 -> 0 | D24: =IF($C$9=0,"",C24/$C$9) | E24: ='INPUT - to fill in'!R79 -> 0 | F24: =IF($E$9=0,"",E24/$E$9) | G24: ='INPUT - to fill in'!S79 -> 0 | H24: =IF($G$9=0,"",G24/$G$9) | K24: Self-Financing | M24: =C65 -> 0 | N24: =E65 -> -535 | O24: =G63 -> -535
B25: ='INPUT - to fill in'!A80 -> Fees | C25: ='INPUT - to fill in'!Q80 -> 0 | D25: =IF($C$9=0,"",C25/$C$9) | E25: ='INPUT - to fill in'!R80 -> 0 | F25: =IF($E$9=0,"",E25/$E$9) | G25: ='INPUT - to fill in'!S80 -> 0 | H25: =IF($G$9=0,"",G25/$G$9)
B26: ='INPUT - to fill in'!A81 -> Insurance premium | C26: ='INPUT - to fill in'!Q81 -> 0 | D26: =IF($C$9=0,"",C26/$C$9) | E26: ='INPUT - to fill in'!R81 -> 0 | F26: =IF($E$9=0,"",E26/$E$9) | G26: ='INPUT - to fill in'!S81 -> 0 | H26: =IF($G$9=0,"",G26/$G$9) | K26: YEARLY GAP | L26: =L19-L9 -> 0 | M26: =M19-M9 -> 0 | N26: =N19-N9 -> -535 | O26: =O19-O9 -> -535
B27: ='INPUT - to fill in'!A82 -> Advertising | C27: ='INPUT - to fill in'!Q82 -> 0 | D27: =IF($C$9=0,"",C27/$C$9) | E27: ='INPUT - to fill in'!R82 -> 0 | F27: =IF($E$9=0,"",E27/$E$9) | G27: ='INPUT - to fill in'!S82 -> 0 | H27: =IF($G$9=0,"",G27/$G$9) | K27: CUMULATIVE GAP | L27: =L26 -> 0 | M27: =M26+L27 -> 0 | N27: =N26+M27 -> -535 | O27: =O26+N27 -> -1070
B28: ='INPUT - to fill in'!A83 -> Travel and representation | C28: ='INPUT - to fill in'!Q83 -> 0 | D28: =IF($C$9=0,"",C28/$C$9) | E28: ='INPUT - to fill in'!R83 -> 0 | F28: =IF($E$9=0,"",E28/$E$9) | G28: ='INPUT - to fill in'!S83 -> 0 | H28: =IF($G$9=0,"",G28/$G$9) | S28: VAT | T28: Product Description | U28: Average price | V28: Month 7 | W28: Month 8 | X28: Month 9 | Y28: Month 10 | Z28: Month 11 | AA28: Month 12
B29: ='INPUT - to fill in'!A84 -> Transport of goods | C29: ='INPUT - to fill in'!Q84 -> 0 | D29: =IF($C$9=0,"",C29/$C$9) | E29: ='INPUT - to fill in'!R84 -> 0 | F29: =IF($E$9=0,"",E29/$E$9) | G29: ='INPUT - to fill in'!S84 -> 0 | H29: =IF($G$9=0,"",G29/$G$9) | K29: KEY PERFORMANCE INDICATORS | V29: Mois 7
B30: ='INPUT - to fill in'!A85 -> Fleet insurance | C30: ='INPUT - to fill in'!Q85 -> 0 | D30: =IF($C$9=0,"",C30/$C$9) | E30: ='INPUT - to fill in'!R85 -> 0 | F30: =IF($E$9=0,"",E30/$E$9) | G30: ='INPUT - to fill in'!S85 -> 0 | H30: =IF($G$9=0,"",G30/$G$9) | S30: 0.17 | T30: =T10 -> Indicate your sales category here | U30: ='INPUT - to fill in'!$D$154 -> 0 | V30: ='INPUT - to fill in'!M155 -> 0 | W30: ='INPUT - to fill in'!N155 -> 0 | X30: ='INPUT - to fill in'!O155 -> 0 | Y30: ='INPUT - to fill in'!P155 -> 0 | Z30: ='INPUT - to fill in'!Q155 -> 0 | AA30: ='INPUT - to fill in'!R155 -> 0
B31: ='INPUT - to fill in'!A86 -> Fleet-related taxes | C31: ='INPUT - to fill in'!Q86 -> 0 | D31: =IF($C$9=0,"",C31/$C$9) | E31: ='INPUT - to fill in'!R86 -> 0 | F31: =IF($E$9=0,"",E31/$E$9) | G31: ='INPUT - to fill in'!S86 -> 0 | H31: =IF($G$9=0,"",G31/$G$9) | S31: htva
B32: ='INPUT - to fill in'!A87 -> Use of temporary staff | C32: ='INPUT - to fill in'!Q87 -> 0 | D32: =IF($C$9=0,"",C32/$C$9) | E32: ='INPUT - to fill in'!R87 -> 0 | F32: =IF($E$9=0,"",E32/$E$9) | G32: ='INPUT - to fill in'!S87 -> 0 | H32: =IF($G$9=0,"",G32/$G$9) | K32: INDICATORS | L32: YEAR 1 | M32: YEAR 2 | N32: YEAR 3 | S32: 0.17 | T32: =T12 -> Indicate your sales category here | U32: ='INPUT - to fill in'!$D$161 -> 0 | V32: ='INPUT - to fill in'!M162 -> 0 | W32: ='INPUT - to fill in'!N162 -> 0 | X32: ='INPUT - to fill in'!O162 -> 0 | Y32: ='INPUT - to fill in'!P162 -> 0 | Z32: ='INPUT - to fill in'!Q162 -> 0 | AA32: ='INPUT - to fill in'!R162 -> 0
B33: ='INPUT - to fill in'!A88 -> Telephone and internet fees | C33: ='INPUT - to fill in'!Q88 -> 0 | D33: =IF($C$9=0,"",C33/$C$9) | E33: ='INPUT - to fill in'!R88 -> 0 | F33: =IF($E$9=0,"",E33/$E$9) | G33: ='INPUT - to fill in'!S88 -> 0 | H33: =IF($G$9=0,"",G33/$G$9) | K33: BREAK-EVEN POINT | L33: =IF(DATA!H167<>0,DATA!H165,"") | M33: =IF(DATA!I167<>0,DATA!I165,"") | N33: =IF(DATA!J167<>0,DATA!J165,"") | S33: htva | U33: =U32 -> 0
B34: ='INPUT - to fill in'!A89 -> Website management fees | C34: ='INPUT - to fill in'!Q89 -> 0 | D34: =IF($C$9=0,"",C34/$C$9) | E34: ='INPUT - to fill in'!R89 -> 0 | F34: =IF($E$9=0,"",E34/$E$9) | G34: ='INPUT - to fill in'!S89 -> 0 | H34: =IF($G$9=0,"",G34/$G$9) | S34: 0.17 | T34: =T14 -> Indicate your sales category here | U34: ='INPUT - to fill in'!$D$168 -> 0 | V34: ='INPUT - to fill in'!M169 -> 0 | W34: ='INPUT - to fill in'!N169 -> 0 | X34: ='INPUT - to fill in'!O169 -> 0 | Y34: ='INPUT - to fill in'!P169 -> 0 | Z34: ='INPUT - to fill in'!Q169 -> 0 | AA34: ='INPUT - to fill in'!R169 -> 0
B35: ='INPUT - to fill in'!A90 -> Bank services | C35: ='INPUT - to fill in'!Q90 -> 0 | D35: =IF($C$9=0,"",C35/$C$9) | E35: ='INPUT - to fill in'!R90 -> 0 | F35: =IF($E$9=0,"",E35/$E$9) | G35: ='INPUT - to fill in'!S90 -> 0 | H35: =IF($G$9=0,"",G35/$G$9) | S35: htva | U35: =U34 -> 0
B36: ='INPUT - to fill in'!A91 -> Loan interest | C36: ='INPUT - to fill in'!Q91 -> 0 | D36: =IF($C$9=0,"",C36/$C$9) | E36: ='INPUT - to fill in'!R91 -> 0 | F36: =IF($E$9=0,"",E36/$E$9) | G36: ='INPUT - to fill in'!S91 -> 0 | H36: =IF($G$9=0,"",G36/$G$9) | K36: BREAK-EVEN POINT ON A 360-DAY BASIS | L36: =IF(L33<>"",L33/(C9/360),"") | M36: =IF(M33<>"",M33/(E9/360),"") | N36: =IF(N33<>"",N33/(G9/360),"") | S36: 0.17 | T36: =T16 -> Indicate your sales category here | U36: ='INPUT - to fill in'!$D$175 -> 0 | V36: ='INPUT - to fill in'!M176 -> 0 | W36: ='INPUT - to fill in'!N176 -> 0 | X36: ='INPUT - to fill in'!O176 -> 0 | Y36: ='INPUT - to fill in'!P176 -> 0 | Z36: ='INPUT - to fill in'!Q176 -> 0 | AA36: ='INPUT - to fill in'!R176 -> 0
B37: ='INPUT - to fill in'!A92 -> Transaction commissions | C37: ='INPUT - to fill in'!Q92 -> 0 | D37: =IF($C$9=0,"",C37/$C$9) | E37: ='INPUT - to fill in'!R92 -> 0 | F37: =IF($E$9=0,"",E37/$E$9) | G37: ='INPUT - to fill in'!S92 -> 0 | H37: =IF($G$9=0,"",G37/$G$9) | S37: htva | U37: =U36 -> 0
B38: ='INPUT - to fill in'!A93 -> Miscellaneous expenses 1 | C38: ='INPUT - to fill in'!Q93 -> 0 | D38: =IF($C$9=0,"",C38/$C$9) | E38: ='INPUT - to fill in'!R93 -> 0 | F38: =IF($E$9=0,"",E38/$E$9) | G38: ='INPUT - to fill in'!S93 -> 0 | H38: =IF($G$9=0,"",G38/$G$9) | S38: 0.17 | T38: =T18 -> Indicate your sales category here | U38: ='INPUT - to fill in'!$D$182 -> 0 | V38: ='INPUT - to fill in'!M183 -> 0 | W38: ='INPUT - to fill in'!N183 -> 0 | X38: ='INPUT - to fill in'!O183 -> 0 | Y38: ='INPUT - to fill in'!P183 -> 0 | Z38: ='INPUT - to fill in'!Q183 -> 0 | AA38: ='INPUT - to fill in'!R183 -> 0
B39: ='INPUT - to fill in'!A94 -> Miscellaneous expenses 2 | C39: ='INPUT - to fill in'!Q94 -> 0 | D39: =IF($C$9=0,"",C39/$C$9) | E39: ='INPUT - to fill in'!R94 -> 0 | F39: =IF($E$9=0,"",E39/$E$9) | G39: ='INPUT - to fill in'!S94 -> 0 | H39: =IF($G$9=0,"",G39/$G$9) | K39: SAFETY MARGIN | L39: =IF(L33<>"",(C9-L33)/C9,"") | M39: =IF(M33<>"",(E9-M33)/E9,"") | N39: =IF(N33<>"",(G9-N33)/G9,"") | S39: htva | U39: =U38 -> 0
S40: 0.17 | T40: =T20 -> Indicate your sales category here | U40: ='INPUT - to fill in'!$D$189 -> 0 | V40: ='INPUT - to fill in'!M190 -> 0 | W40: ='INPUT - to fill in'!N190 -> 0 | X40: ='INPUT - to fill in'!O190 -> 0 | Y40: ='INPUT - to fill in'!P190 -> 0 | Z40: ='INPUT - to fill in'!Q190 -> 0 | AA40: ='INPUT - to fill in'!R190 -> 0
B41: = ADDED VALUE | C41: =C13-C15 -> 0 | D41: =IF($C$9=0,"",C41/$C$9) | E41: =E13-E15 -> 0 | F41: =IF($E$9=0,"",E41/$E$9) | G41: =G13-G15 -> 0 | H41: =IF($G$9=0,"",G41/$G$9) | S41: htva | U41: =U40 -> 0
K42: FINANCIAL INDEPENDENCE RATIO | L42: ='OUTPUT - analysis'!K41 -> 100% | M42: ='OUTPUT - analysis'!L41 -> 100% | N42: ='OUTPUT - analysis'!M41 -> 100% | S42: htva | U42: Turnover excluding VAT | V42: ='INPUT - to fill in'!M225 -> 0 | W42: ='INPUT - to fill in'!N225 -> 0 | X42: ='INPUT - to fill in'!O225 -> 0 | Y42: ='INPUT - to fill in'!P225 -> 0 | Z42: ='INPUT - to fill in'!Q225 -> 0 | AA42: ='INPUT - to fill in'!R225 -> 0
B43: - EMPLOYEE EXPENSES | C43: =SUM(C44:C46) -> 0 | D43: =IF($C$9=0,"",C43/$C$9) | E43: =SUM(E44:E46) -> 0 | F43: =IF($E$9=0,"",E43/$E$9) | G43: =SUM(G44:G46) -> 0 | H43: =IF($G$9=0,"",G43/$G$9)
B44: Excecutive's Remuneration | C44: =SUM('INPUT - to fill in'!P129) -> 0 | D44: =IF($C$9=0,"",C44/$C$9) | E44: =SUM('INPUT - to fill in'!Q129) -> 0 | F44: =IF($E$9=0,"",E44/$E$9) | G44: =SUM('INPUT - to fill in'!R129) -> 0 | H44: =IF($G$9=0,"",G44/$G$9)
B45: Employee Remuneration | C45: =SUM('INPUT - to fill in'!P130:P135) -> 0 | D45: =IF($C$9=0,"",C45/$C$9) | E45: =SUM('INPUT - to fill in'!Q130:Q135) -> 0 | F45: =IF($E$9=0,"",E45/$E$9) | G45: =SUM('INPUT - to fill in'!R130:R135) -> 0 | H45: =IF($G$9=0,"",G45/$G$9) | K45: REPAYMENT CAPACITY | L45: =M24 -> 0 | M45: =N24 -> -535 | N45: =O24 -> -535
B46: Social Charges | C46: ='INPUT - to fill in'!P136 -> 0 | D46: =IF($C$9=0,"",C46/$C$9) | E46: ='INPUT - to fill in'!Q136 -> 0 | F46: =IF($E$9=0,"",E46/$E$9) | G46: ='INPUT - to fill in'!R136 -> 0 | H46: =IF($G$9=0,"",G46/$G$9)
S47: VAT | T47: Product Description | U47: Average price | V47: Total year 1 | X47: Total year 2 | Z47: Total year 3
B48: = EARNINGS BEFORE INTEREST, TAXES, DEPRECIATION, AND AMORTIZATION (EBITDA) | C48: =C41-C43 -> 0 | D48: =IF($C$9=0,"",C48/$C$9) | E48: =E41-E43 -> 0 | F48: =IF($E$9=0,"",E48/$E$9) | G48: =G41-G43 -> 0 | H48: =IF($G$9=0,"",G48/$G$9)
S49: 0.17 | T49: =T30 -> Indicate your sales category here | U49: ='INPUT - to fill in'!$D$154 -> 0 | V49: ='INPUT - to fill in'!S155 -> 0 | X49: ='INPUT - to fill in'!T155 -> 0 | Z49: ='INPUT - to fill in'!U155 -> 0
B50: - VALUE CORRECTION | C50: ='INPUT - to fill in'!H59 -> 0 | D50: =IF($C$9=0,"",C50/$C$9) | E50: ='INPUT - to fill in'!I59 -> 0 | F50: =IF($E$9=0,"",E50/$E$9) | G50: ='INPUT - to fill in'!J59 -> 0 | H50: =IF($G$9=0,"",G50/$G$9) | S50: htva
S51: 0.17 | T51: =T32 -> Indicate your sales category here | U51: ='INPUT - to fill in'!$D$161 -> 0 | V51: ='INPUT - to fill in'!S162 -> 0 | X51: ='INPUT - to fill in'!T162 -> 0 | Z51: ='INPUT - to fill in'!U162 -> 0
B52: = EARNINGS BEFORE INTEREST AND TAXES (EBIT) | C52: =C48-C50 -> 0 | D52: =IF($C$9=0,"",C52/$C$9) | E52: =E48-E50 -> 0 | F52: =IF($E$9=0,"",E52/$E$9) | G52: =G48-G50 -> 0 | H52: =IF($G$9=0,"",G52/$G$9) | S52: htva | U52: =U51 -> 0
S53: 0.17 | T53: =T34 -> Indicate your sales category here | U53: ='INPUT - to fill in'!$D$168 -> 0 | V53: ='INPUT - to fill in'!S169 -> 0 | X53: ='INPUT - to fill in'!T169 -> 0 | Z53: ='INPUT - to fill in'!U169 -> 0
B54: - FINANCIAL EXPENSES | C54: ='Loan Calculator'!H4 -> 0 | D54: =IF($C$9=0,"",C54/$C$9) | E54: ='Loan Calculator'!H7 -> 0 | F54: =IF($E$9=0,"",E54/$E$9) | G54: ='Loan Calculator'!H10 -> 0 | H54: =IF($G$9=0,"",G54/$G$9) | S54: htva | U54: =U53 -> 0
S55: 0.17 | T55: =T36 -> Indicate your sales category here | U55: ='INPUT - to fill in'!$D$175 -> 0 | V55: ='INPUT - to fill in'!S176 -> 0 | X55: ='INPUT - to fill in'!T176 -> 0 | Z55: ='INPUT - to fill in'!U176 -> 0
B56: = PROFIT BEFORE TAX | C56: =C52-C54 -> 0 | D56: =IF($C$9=0,"",C56/$C$9) | E56: =E52-E54 -> 0 | F56: =IF($E$9=0,"",E56/$E$9) | G56: =G52-G54 -> 0 | H56: =IF($G$9=0,"",G56/$G$9) | S56: htva | U56: =U55 -> 0
S57: 0.17 | T57: =T38 -> Indicate your sales category here | U57: ='INPUT - to fill in'!$D$182 -> 0 | V57: ='INPUT - to fill in'!S183 -> 0 | X57: ='INPUT - to fill in'!T183 -> 0 | Z57: ='INPUT - to fill in'!U183 -> 0
B58: - TAXES | C58: =IFERROR((IF(C61>C59,(C61+C60),(C60+C59))),0) -> 0 | D58: =IF($C$9=0,"",C58/$C$9) | E58: =IFERROR((IF(E61>E59,(E61+E60),(E60+E59))),0) -> 535 | F58: =IF($E$9=0,"",E58/$E$9) | G58: =IFERROR((IF(G61>G59,(G61+G60),(G60+G59))),0) -> 535 | H58: =IF($G$9=0,"",G58/$G$9) | S58: htva | U58: =U57 -> 0
B59: Income Tax | C59: =IF(C56<0,"",IF(C56<'INPUT - to fill in'!$C$23,'OUTPUT - analysis'!C56*'INPUT - to fill in'!$C$22*(1+'INPUT - to fill in'!$C$24),'OUTPUT - analysis'!C56*'INPUT - to fill in'!$C$21*(1+'INPUT - to fill in'!$C$24))) -> 0 | D59: =IF(C56<1,"",C59/C56) | E59: =IF(E56<0,"",IF(E56<'INPUT - to fill in'!$C$23,'OUTPUT - analysis'!E56*'INPUT - to fill in'!$C$22*(1+'INPUT - to fill in'!$C$24),'OUTPUT - analysis'!E56*'INPUT - to fill in'!$C$21*(1+'INPUT - to fill in'!$C$24))) -> 0 | F59: =IF(E56<1,"",E59/E56) | G59: =IF(G56<0,"",IF(G56<'INPUT - to fill in'!$C$23,'OUTPUT - analysis'!G56*'INPUT - to fill in'!$C$22*(1+'INPUT - to fill in'!$C$24),'OUTPUT - analysis'!G56*'INPUT - to fill in'!$C$21*(1+'INPUT - to fill in'!$C$24))) -> 0 | H59: =IF(G56<1,"",G59/G56) | S59: 0.17 | T59: =T40 -> Indicate your sales category here | U59: ='INPUT - to fill in'!$D$189 -> 0 | V59: ='INPUT - to fill in'!S190 -> 0 | X59: ='INPUT - to fill in'!T190 -> 0 | Z59: ='INPUT - to fill in'!U190 -> 0
B60: Municipal Business Tax | C60: =IFERROR(IF(C56>'INPUT - to fill in'!C20,(C56-'INPUT - to fill in'!C20)*'OUTPUT - analysis'!D60,0),0) -> 0 | D60: ='INPUT - to fill in'!C19 | E60: =IFERROR(IF(E56>'INPUT - to fill in'!E20,(E56-'INPUT - to fill in'!E20)*'OUTPUT - analysis'!F60,0),0) -> 0 | F60: ='INPUT - to fill in'!C19 | G60: =IFERROR(IF(G56>'INPUT - to fill in'!G20,(G56-'INPUT - to fill in'!G20)*'OUTPUT - analysis'!H60,0),0) -> 0 | H60: ='INPUT - to fill in'!C19 | S60: htva | U60: =U59 -> 0
B61: Net Wealth Tax | D61: =IF($C$9=0,"",C61/$C$9) | E61: 535 | F61: =IF($E$9=0,"",E61/$E$9) | G61: 535 | H61: =IF($G$9=0,"",G61/$G$9) | S61: htva | U61: Turnover excluding VAT | V61: ='INPUT - to fill in'!S225 -> 0 | X61: ='INPUT - to fill in'!T225 -> 0 | Z61: ='INPUT - to fill in'!U225 -> 0
B63: = NET PROFIT | C63: =C56-C58 -> 0 | D63: =IF($C$9=0,"",C63/$C$9) | E63: =E56-E58 -> -535 | F63: =IF($E$9=0,"",E63/$E$9) | G63: =G56-G58 -> -535 | H63: =IF($G$9=0,"",G63/$G$9)
F64: =IF($E$9=0,"",E64/$E$9)
B65: = CASHFLOW | C65: =C63+C50 -> 0 | D65: =IF($C$9=0,"",C65/$C$9) | E65: =E63+E50 -> -535 | F65: =IF($E$9=0,"",E65/$E$9) | G65: =G63+G50 -> -535 | H65: =IF($G$9=0,"",G65/$G$9)
J75: Calcul du CA et su SR
J76: SR = CF / TMCV | K76: =IF(K79=0,K77,(K77/K78)) -> 0 | L76: =IF(L79=0,L77,(L77/L78)) -> 0 | M76: =IF(M79=0,M77,(M77/M78)) -> 0 | N76: =IF(N79=0,N77,(N77/N78)) -> 0 | O76: =IF(O79=0,O77,(O77/O78)) -> 0 | P76: =IF(P79=0,P77,(P77/P78)) -> 0 | Q76: =IF(Q79=0,Q77,(Q77/Q78)) -> 0 | R76: =IF(R79=0,R77,(R77/R78)) -> 0
J77: CF | K77: =('INPUT - to fill in'!E95-'INPUT - to fill in'!E76)+('INPUT - to fill in'!$H$59/12) -> 0 | L77: =('INPUT - to fill in'!F95-'INPUT - to fill in'!F76)+('INPUT - to fill in'!$H$59/12) -> 0 | M77: =('INPUT - to fill in'!G95-'INPUT - to fill in'!G76)+('INPUT - to fill in'!$H$59/12) -> 0 | N77: =('INPUT - to fill in'!H95-'INPUT - to fill in'!H76)+('INPUT - to fill in'!$H$59/12) -> 0 | O77: =('INPUT - to fill in'!I95-'INPUT - to fill in'!I76)+('INPUT - to fill in'!$H$59/12) -> 0 | P77: =('INPUT - to fill in'!J95-'INPUT - to fill in'!J76)+('INPUT - to fill in'!$H$59/12) -> 0 | Q77: =('INPUT - to fill in'!K95-'INPUT - to fill in'!K76)+('INPUT - to fill in'!$H$59/12) -> 0 | R77: =('INPUT - to fill in'!L95-'INPUT - to fill in'!L76)+('INPUT - to fill in'!$H$59/12) -> 0
J78: TMCV = MCV/CA | K78: =IF(#REF!=0,0,K79/#REF!) -> #REF! | L78: =IF(#REF!=0,0,L79/#REF!) -> #REF! | M78: =IF(#REF!=0,0,M79/#REF!) -> #REF! | N78: =IF(#REF!=0,0,N79/#REF!) -> #REF! | O78: =IF(#REF!=0,0,O79/#REF!) -> #REF! | P78: =IF(#REF!=0,0,P79/#REF!) -> #REF! | Q78: =IF(#REF!=0,0,Q79/#REF!) -> #REF! | R78: =IF(#REF!=0,0,R79/#REF!) -> #REF!
J79: MCV = CA-CV | K79: ='INPUT - to fill in'!G225-('INPUT - to fill in'!G227+'INPUT - to fill in'!G228) -> 0 | L79: ='INPUT - to fill in'!H225-('INPUT - to fill in'!H227+'INPUT - to fill in'!H228) -> 0 | M79: ='INPUT - to fill in'!I225-('INPUT - to fill in'!I227+'INPUT - to fill in'!I228) -> 0 | N79: ='INPUT - to fill in'!J225-('INPUT - to fill in'!J227+'INPUT - to fill in'!J228) -> 0 | O79: ='INPUT - to fill in'!K225-('INPUT - to fill in'!K227+'INPUT - to fill in'!K228) -> 0 | P79: ='INPUT - to fill in'!L225-('INPUT - to fill in'!L227+'INPUT - to fill in'!L228) -> 0 | Q79: ='INPUT - to fill in'!M225-('INPUT - to fill in'!M227+'INPUT - to fill in'!M228) -> 0 | R79: ='INPUT - to fill in'!N225-('INPUT - to fill in'!N227+'INPUT - to fill in'!N228) -> 0
J80: CA | K80: ='INPUT - to fill in'!G225 -> 0 | L80: ='INPUT - to fill in'!H225 -> 0 | M80: ='INPUT - to fill in'!I225 -> 0 | N80: ='INPUT - to fill in'!J225 -> 0 | O80: ='INPUT - to fill in'!K225 -> 0 | P80: ='INPUT - to fill in'!L225 -> 0 | Q80: ='INPUT - to fill in'!M225 -> 0 | R80: ='INPUT - to fill in'!N225 -> 0
J81: CV | K81: =('INPUT - to fill in'!G227+'INPUT - to fill in'!G228) -> 0 | L81: =('INPUT - to fill in'!H227+'INPUT - to fill in'!H228) -> 0 | M81: =('INPUT - to fill in'!I227+'INPUT - to fill in'!I228) -> 0 | N81: =('INPUT - to fill in'!J227+'INPUT - to fill in'!J228) -> 0 | O81: =('INPUT - to fill in'!K227+'INPUT - to fill in'!K228) -> 0 | P81: =('INPUT - to fill in'!L227+'INPUT - to fill in'!L228) -> 0 | Q81: =('INPUT - to fill in'!M227+'INPUT - to fill in'!M228) -> 0 | R81: =('INPUT - to fill in'!N227+'INPUT - to fill in'!N228) -> 0
K95: ANNEXES
B96: CASHFLOW ANALYSYS
K97: INVESTMENTS
K98: Formulation (Libellé) | L98: Price excluding VAT | M98: VAT | N98: Price including VAT
B99: CASHFLOW ANALYSIS | C99: Month 1 | D99: Month 2 | E99: Month 3 | F99: Month 4 | G99: Month 5 | H99: Month 6
C100: Cash in | K100: ='INPUT - to fill in'!C33 -> 0 | L100: ='INPUT - to fill in'!D33 -> 0 | M100: ='INPUT - to fill in'!E33 -> 0 | N100: ='INPUT - to fill in'!F33 -> 0
B101: Turnover | C101: ='INPUT - to fill in'!G226 -> 0 | D101: ='INPUT - to fill in'!H226 -> 0 | E101: ='INPUT - to fill in'!I226 -> 0 | F101: ='INPUT - to fill in'!J226 -> 0 | G101: ='INPUT - to fill in'!K226 -> 0 | H101: ='INPUT - to fill in'!L226 -> 0 | K101: ='INPUT - to fill in'!C34 -> 0 | L101: ='INPUT - to fill in'!D34 -> 0 | M101: ='INPUT - to fill in'!E34 -> 0 | N101: ='INPUT - to fill in'!F34 -> 0
B102: Equity Capital | C102: ='INPUT - to fill in'!C248+'INPUT - to fill in'!C249+'INPUT - to fill in'!C253 -> 0 | K102: ='INPUT - to fill in'!C35 -> 0 | L102: ='INPUT - to fill in'!D35 -> 0 | M102: ='INPUT - to fill in'!E35 -> 0 | N102: ='INPUT - to fill in'!F35 -> 0
B103: Bank Funding | C103: ='INPUT - to fill in'!C250 -> 0 | K103: ='INPUT - to fill in'!C36 -> 0 | L103: ='INPUT - to fill in'!D36 -> 0 | M103: ='INPUT - to fill in'!E36 -> 0 | N103: ='INPUT - to fill in'!F36 -> 0
B104: TOTAL RECEIPTS | C104: =SUM(C101:C103) -> 0 | D104: =SUM(D101:D103) -> 0 | E104: =SUM(E101:E103) -> 0 | F104: =SUM(F101:F103) -> 0 | G104: =SUM(G101:G103) -> 0 | H104: =SUM(H101:H103) -> 0 | K104: ='INPUT - to fill in'!C37 -> 0 | L104: ='INPUT - to fill in'!D37 -> 0 | M104: ='INPUT - to fill in'!E37 -> 0 | N104: ='INPUT - to fill in'!F37 -> 0
C105: Cash out | K105: ='INPUT - to fill in'!C38 -> 0 | L105: ='INPUT - to fill in'!D38 -> 0 | M105: ='INPUT - to fill in'!E38 -> 0 | N105: ='INPUT - to fill in'!F38 -> 0
B106: Purchases of Goods | C106: ='INPUT - to fill in'!G229 -> 0 | D106: ='INPUT - to fill in'!H229 -> 0 | E106: ='INPUT - to fill in'!I229 -> 0 | F106: ='INPUT - to fill in'!J229 -> 0 | G106: ='INPUT - to fill in'!K229 -> 0 | H106: ='INPUT - to fill in'!L229 -> 0 | K106: ='INPUT - to fill in'!C39 -> 0 | L106: ='INPUT - to fill in'!D39 -> 0 | M106: ='INPUT - to fill in'!E39 -> 0 | N106: ='INPUT - to fill in'!F39 -> 0
B107: Consumables from Third Parties | C107: ='INPUT - to fill in'!E121 -> 0 | D107: ='INPUT - to fill in'!F121 -> 0 | E107: ='INPUT - to fill in'!G121 -> 0 | F107: ='INPUT - to fill in'!H121 -> 0 | G107: ='INPUT - to fill in'!I121 -> 0 | H107: ='INPUT - to fill in'!J121 -> 0 | K107: ='INPUT - to fill in'!C40 -> 0 | L107: ='INPUT - to fill in'!D40 -> 0 | M107: ='INPUT - to fill in'!E40 -> 0 | N107: ='INPUT - to fill in'!F40 -> 0
B108: Employee Costs | C108: ='INPUT - to fill in'!D143 -> 0 | D108: ='INPUT - to fill in'!E143 -> 0 | E108: ='INPUT - to fill in'!F143 -> 0 | F108: ='INPUT - to fill in'!G143 -> 0 | G108: ='INPUT - to fill in'!H143 -> 0 | H108: ='INPUT - to fill in'!I143 -> 0 | K108: ='INPUT - to fill in'!C41 -> 0 | L108: ='INPUT - to fill in'!D41 -> 0 | M108: ='INPUT - to fill in'!E41 -> 0 | N108: ='INPUT - to fill in'!F41 -> 0
B109: VAT Payable | C109: =IF('INPUT - to fill in'!C239<0,0,'INPUT - to fill in'!C239) -> 0 | D109: =IF('INPUT - to fill in'!D239<0,0,'INPUT - to fill in'!D239) -> 0 | E109: =IF('INPUT - to fill in'!E239<0,0,'INPUT - to fill in'!E239) -> 0 | F109: =IF('INPUT - to fill in'!F239<0,0,'INPUT - to fill in'!F239) -> 0 | G109: =IF('INPUT - to fill in'!G239<0,0,'INPUT - to fill in'!G239) -> 0 | H109: =IF('INPUT - to fill in'!H239<0,0,'INPUT - to fill in'!H239) -> 0 | K109: ='INPUT - to fill in'!C42 -> 0 | L109: ='INPUT - to fill in'!D42 -> 0 | M109: ='INPUT - to fill in'!E42 -> 0 | N109: ='INPUT - to fill in'!F42 -> 0
B110: Investments | C110: ='INPUT - to fill in'!F59 -> 0 | K110: ='INPUT - to fill in'!C43 -> 0 | L110: ='INPUT - to fill in'!D43 -> 0 | M110: ='INPUT - to fill in'!E43 -> 0 | N110: ='INPUT - to fill in'!F43 -> 0
B111: Loan Repayments | C111: ='Loan Calculator'!E13 | D111: ='Loan Calculator'!E14 | E111: ='Loan Calculator'!E15 | F111: ='Loan Calculator'!E16 | G111: ='Loan Calculator'!E17 | H111: ='Loan Calculator'!E18 | K111: ='INPUT - to fill in'!C44 -> 0 | L111: ='INPUT - to fill in'!D44 -> 0 | M111: ='INPUT - to fill in'!E44 -> 0 | N111: ='INPUT - to fill in'!F44 -> 0
B112: TOTAL PAYMENTS | C112: =SUM(C106:C111) -> 0 | D112: =SUM(D106:D111) -> 0 | E112: =SUM(E106:E111) -> 0 | F112: =SUM(F106:F111) -> 0 | G112: =SUM(G106:G111) -> 0 | H112: =SUM(H106:H111) -> 0 | K112: ='INPUT - to fill in'!C45 -> 0 | L112: ='INPUT - to fill in'!D45 -> 0 | M112: ='INPUT - to fill in'!E45 -> 0 | N112: ='INPUT - to fill in'!F45 -> 0
C113: Free cash | K113: ='INPUT - to fill in'!C46 -> 0 | L113: ='INPUT - to fill in'!D46 -> 0 | M113: ='INPUT - to fill in'!E46 -> 0 | N113: ='INPUT - to fill in'!F46 -> 0
B114: ENDING BALANCE | C114: =C104-C112 -> 0 | D114: =D104-D112 -> 0 | E114: =E104-E112 -> 0 | F114: =F104-F112 -> 0 | G114: =G104-G112 -> 0 | H114: =H104-H112 -> 0 | K114: ='INPUT - to fill in'!C47 -> 0 | L114: ='INPUT - to fill in'!D47 -> 0 | M114: ='INPUT - to fill in'!E47 -> 0 | N114: ='INPUT - to fill in'!F47 -> 0
B115: CUMULATIVE BALANCE | C115: =C114 -> 0 | D115: =C115+D114 -> 0 | E115: =D115+E114 -> 0 | F115: =E115+F114 -> 0 | G115: =F115+G114 -> 0 | H115: =G115+H114 -> 0 | K115: ='INPUT - to fill in'!C48 -> 0 | L115: ='INPUT - to fill in'!D48 -> 0 | M115: ='INPUT - to fill in'!E48 -> 0 | N115: ='INPUT - to fill in'!F48 -> 0
K116: ='INPUT - to fill in'!C49 -> 0 | L116: ='INPUT - to fill in'!D49 -> 0 | M116: ='INPUT - to fill in'!E49 -> 0 | N116: ='INPUT - to fill in'!F49 -> 0
K117: ='INPUT - to fill in'!C50 -> 0 | L117: ='INPUT - to fill in'!D50 -> 0 | M117: ='INPUT - to fill in'!E50 -> 0 | N117: ='INPUT - to fill in'!F50 -> 0
K118: ='INPUT - to fill in'!C51 -> 0 | L118: ='INPUT - to fill in'!D51 -> 0 | M118: ='INPUT - to fill in'!E51 -> 0 | N118: ='INPUT - to fill in'!F51 -> 0
B119: CASHFLOW ANALYSIS | C119: Month 7 | D119: Month 8 | E119: Month 9 | F119: Month 10 | G119: Month 11 | H119: Month 12 | K119: ='INPUT - to fill in'!C52 -> 0 | L119: ='INPUT - to fill in'!D52 -> 0 | M119: ='INPUT - to fill in'!E52 -> 0 | N119: ='INPUT - to fill in'!F52 -> 0
C120: Cash in | K120: ='INPUT - to fill in'!C53 -> 0 | L120: ='INPUT - to fill in'!D53 -> 0 | M120: ='INPUT - to fill in'!E53 -> 0 | N120: ='INPUT - to fill in'!F53 -> 0
B121: Turnover | C121: ='INPUT - to fill in'!M226 -> 0 | D121: ='INPUT - to fill in'!N226 -> 0 | E121: ='INPUT - to fill in'!O226 -> 0 | F121: ='INPUT - to fill in'!P226 -> 0 | G121: ='INPUT - to fill in'!Q226 -> 0 | H121: ='INPUT - to fill in'!R226 -> 0 | K121: ='INPUT - to fill in'!C54 -> 0 | L121: ='INPUT - to fill in'!D54 -> 0 | M121: ='INPUT - to fill in'!E54 -> 0 | N121: ='INPUT - to fill in'!F54 -> 0
B122: Equity Capital | K122: ='INPUT - to fill in'!C55 -> 0 | L122: ='INPUT - to fill in'!D55 -> 0 | M122: ='INPUT - to fill in'!E55 -> 0 | N122: ='INPUT - to fill in'!F55 -> 0
B123: Bank Funding | K123: ='INPUT - to fill in'!C56 -> 0 | L123: ='INPUT - to fill in'!D56 -> 0 | M123: ='INPUT - to fill in'!E56 -> 0 | N123: ='INPUT - to fill in'!F56 -> 0
B124: TOTAL RECEIPTS | C124: =SUM(C121:C123) -> 0 | D124: =SUM(D121:D123) -> 0 | E124: =SUM(E121:E123) -> 0 | F124: =SUM(F121:F123) -> 0 | G124: =SUM(G121:G123) -> 0 | H124: =SUM(H121:H123) -> 0 | K124: ='INPUT - to fill in'!C57 -> 0 | L124: ='INPUT - to fill in'!D57 -> 0 | M124: ='INPUT - to fill in'!E57 -> 0 | N124: ='INPUT - to fill in'!F57 -> 0
C125: Cash out | K125: ='INPUT - to fill in'!C58 -> 0 | L125: ='INPUT - to fill in'!D58 -> 0 | M125: ='INPUT - to fill in'!E58 -> 0 | N125: ='INPUT - to fill in'!F58 -> 0
B126: Purchases of Goods | C126: ='INPUT - to fill in'!M229 -> 0 | D126: ='INPUT - to fill in'!N229 -> 0 | E126: ='INPUT - to fill in'!O229 -> 0 | F126: ='INPUT - to fill in'!P229 -> 0 | G126: ='INPUT - to fill in'!Q229 -> 0 | H126: ='INPUT - to fill in'!R229 -> 0 | K126: Total | L126: =SUM(L100:L125) -> 0 | M126: =SUM(M100:M124) -> 0 | N126: =SUM(N100:N124) -> 0
B127: Consumables from Third Parties | C127: ='INPUT - to fill in'!K121 -> 0 | D127: ='INPUT - to fill in'!L121 -> 0 | E127: ='INPUT - to fill in'!M121 -> 0 | F127: ='INPUT - to fill in'!N121 -> 0 | G127: ='INPUT - to fill in'!O121 -> 0 | H127: ='INPUT - to fill in'!P121 -> 0
B128: Employee Costs | C128: ='INPUT - to fill in'!J143 -> 0 | D128: ='INPUT - to fill in'!K143 -> 0 | E128: ='INPUT - to fill in'!L143 -> 0 | F128: ='INPUT - to fill in'!M143 -> 0 | G128: ='INPUT - to fill in'!N143 -> 0 | H128: ='INPUT - to fill in'!O143 -> 0
B129: VAT Payable | C129: =IF('INPUT - to fill in'!I239<0,0,'INPUT - to fill in'!I239) -> 0 | D129: =IF('INPUT - to fill in'!J239<0,0,'INPUT - to fill in'!J239) -> 0 | E129: =IF('INPUT - to fill in'!K239<0,0,'INPUT - to fill in'!K239) -> 0 | F129: =IF('INPUT - to fill in'!L239<0,0,'INPUT - to fill in'!L239) -> 0 | G129: =IF('INPUT - to fill in'!M239<0,0,'INPUT - to fill in'!M239) -> 0 | H129: =IF('INPUT - to fill in'!N239<0,0,'INPUT - to fill in'!N239) -> 0 | K129: FIXED COSTS
...

Sheet DATA
A1: PARTIE COMMENTAIRES SOCIETE
A2: Formule de commentaires si un commentaire s'affiche sous condition | B2: Filter | G2: Formule de condition des challenges | H2: Filter | J2: Formule auxiliaire CA | K2: Formule auxiliaire SSML
A3: =IF('OUTPUT - analysis'!C56<17500,DATA!A14,"") -> Your municipal business tax is 0 because your profit before tax is less than €17,500. | B3: {=_xlfn._xlws.FILTER($A$3:$A$11,$A$3:$A$11<>"","")} -> Your municipal business tax is 0 because your profit before tax is less than €17,500. | G3: =IF(OR('OUTPUT - analysis'!K65<0,'OUTPUT - analysis'!L65<0,'OUTPUT - analysis'!M65<0,'OUTPUT - analysis'!N65<0,'OUTPUT - analysis'!O65<0,'OUTPUT - analysis'!P65<0,'OUTPUT - analysis'!Q65<0,'OUTPUT - analysis'!R65<0,'OUTPUT - analysis'!S65<0,'OUTPUT - analysis'!T65<0,'OUTPUT - analysis'!U65<0,'OUTPUT - analysis'!V65<0),G9,"") | H3: {=_xlfn._xlws.FILTER($G$3:$G$7,$G$3:$G$7<>"","")} | J3: =IF(COUNTIF('INPUT - to fill in'!G154:R154,'INPUT - to fill in'!G154)=12,1,0) -> 0 | K3: =IF(MIN('INPUT - to fill in'!D130:O135)<DATA!H31,1,0) -> 1
A4: =IF(OR('OUTPUT - analysis'!C56<175000,'OUTPUT - analysis'!E56<175000,'OUTPUT - analysis'!G56<175000),DATA!A15,"") -> Your corporate income tax (CIT/IRC) is 14.98% because your profit is less than €175,000. | B4: Your corporate income tax (CIT/IRC) is 14.98% because your profit is less than €175,000. | G4: =IF('INPUT - to fill in'!C250>0,G10,"") | J4: =IF(COUNTIF('INPUT - to fill in'!G161:R161,'INPUT - to fill in'!G161)=12,1,0) -> 0 | K4: =IF(OR('INPUT - to fill in'!P130<>0,'INPUT - to fill in'!P131<>0,'INPUT - to fill in'!P132<>0,'INPUT - to fill in'!P133<>0,,'INPUT - to fill in'!P134<>0,'INPUT - to fill in'!P135<>0),K3,"")
A5: =IF(OR('OUTPUT - analysis'!C56>175000,'OUTPUT - analysis'!E56>175000,'OUTPUT - analysis'!G56>175000),A16,"") | B5: If your turnover is less than €112,000, you have to pay and declare VAT on an annual basis. If this is the case, make sure you manage your VAT properly so that you have the funds to pay the collected VAT to the AED. | G5: =IF(OR(J3=1,J4=1,J5=1,J6=1,J7=1,J8=1),G11,"") | J5: =IF(COUNTIF('INPUT - to fill in'!G168:R168,'INPUT - to fill in'!G168)=12,1,0) -> 0
A6: =IF(OR('OUTPUT - analysis'!C9>112000,'OUTPUT - analysis'!E9<112000,'OUTPUT - analysis'!G9<112000),DATA!A17,"") -> If your turnover is less than €112,000, you have to pay and declare VAT on an annual basis. If this is the case, make sure you manage your VAT properly so that you have the funds to pay the collected VAT to the AED. | G6: =IF(K4=1,G12,"") | J6: =IF(COUNTIF('INPUT - to fill in'!G175:R175,'INPUT - to fill in'!G175)=12,1,0) -> 0
A7: =IF('INPUT - to fill in'!C253>0,A18,"") | J7: =IF(COUNTIF('INPUT - to fill in'!G182:R182,'INPUT - to fill in'!G182)=12,1,0) -> 0
G8: CHALLENGE | H8: SUJET | J8: =IF(COUNTIF('INPUT - to fill in'!G189:R189,'INPUT - to fill in'!G189)=12,1,0) -> 0
G9: Your accumulated cash flow is negative! Please check your cash flow and adjust your expenses. | H9: Trésorerie négative
G10: Good to know: for a bank loan, the bank will require a personal contribution of at least 20%. It should also be noted that certain expenses, such as capital, initial stock, cash flow or guarantees, are not financed by the bank. | H10: Apport prêt bancaire
G11: Your sales for one or more of your products are identical every month. Have you taken into account seasonal variations and the growth of your business? | H11: CA identique
G12: One or more of your employees is paid less than the Luxembourg Minimum Wage. This may be acceptable if they only work part-time. On the other hand, if they are full-time employees, please pay them at least the level of the SSML. | H12: SSML
A13: COMMENTAIRES Formules | B13: SUJET
A14: Your municipal business tax is 0 because your profit before tax is less than €17,500. | B14: ICC = 0
A15: Your corporate income tax (CIT/IRC) is 14.98% because your profit is less than €175,000. | B15: IRC = 16,05
A16: Your corporate income tax (CIT/IRC) is 17.12% because your profit exceeds €175,000. | B16: IRC = 18,19
A17: If your turnover is less than €112,000, you have to pay and declare VAT on an annual basis. If this is the case, make sure you manage your VAT properly so that you have the funds to pay the collected VAT to the AED. | B17: Versement TVA CA<112K
A18: Subsidies operate on a repayment model, which means that you'll need to set aside enough cash to pay the bills in advance. It's important to note that the business plan is designed to ensure that the activity is self-financing, considering the subsidies as a bonus. It is therefore essential to think about the viability of the business without relying on these financial aids. | B18: Modèle subventions Lux
A22: COMMENTAIRES Sans condition | B22: SUJET
A23: Please note! Please fill in your registration commune in cell C15 of the INPUT sheet. | B23: Commune
A30: LISTES DEROULANTES | G30: Calcul CCSS
A31: Régime TVA | G31: Salaire Minimum | H31: 2570.93 | I31: =H31*12 -> 30851.16 | L31: Cliquez ici pour choisir à l'aide de la liste déroulante | M31: Abattement
A32: Click here to select from the drop-down list | G32: Taux SS | H32: 0.25
A33: Standard scheme | B33: Subject to VAT: the company can charge VAT on sales and deduct it from its purchases from the company | G33: 1/3 du SSM | H33: =H31/3 -> 856.97667 | L33: Société | M33: 17500
A34: Exemption scheme | B34: Not subject to VAT (only valid if sales are under €50K): the company cannot charge VAT on sales, nor deduct it from its purchases from the company. | G34: 5 x le SSM | H34: =H31*5 -> 12854.65 | I34: =H34*12 -> 154255.8
A35: HOE | G35: Cotisations sur SSM | H35: =H31*H32 -> 642.7325
A36: Taux de TVA | B36: 0.17 | G36: Cotisations sur 1/3 du SSM | H36: =+I36+J36 -> 344.50462 | I36: =H33*0.174 -> 149.11394 | J36: =H31*0.076 -> 195.39068
B37: 0.14 | G37: Dépendance | H37: 0.014
B38: 0.08 | G38: Cotisation maximale année 1
B39: 0.03 | G39: Cotisations réelles année 1
B40: 0 | G40: Cotisation maximale année 2
G41: Cotisations réelles année 2
A42: CCSS | G42: Cotisation maximale année 3
A43: Click here to select from the drop-down list | B43: Expliquer indépendant gérant | G43: Cotisations réelles année 3
A44: Standard scheme (based on SSML) | B44: Compulsory for incomes above the Luxembourg minimum wage. This scheme can also be requested by people earning less than the minimum wage, in order to benefit from full coverage.
A45: Reduction scheme | B45: This scheme can be applied for by people earning less than the Luxembourg minimum wage and more than a third of the minimum wage, in order to obtain a reduction in social security contributions based on a reduction in the pension component.
A46: Exemption scheme | B46: This scheme may be requested by people earning less than a third of the Luxembourg minimum wage, in order to avoid paying social security contributions. This can lead to a loss of social protection if the applicant does not benefit from social coverage outside his/her self-employed activity.
A48: Commune et taux d'ICC
A49: Click here to select from the drop-down list | B49: 0
A50: Bascharage | B50: 0.105
A51: Bastendorf | B51: 0.0825
A52: Beaufort | B52: 0.081
A53: Bech | B53: 0.09
A54: Beckerich | B54: 0.0975
A55: Berdorf | B55: 0.09
A56: Bertrange | B56: 0.09
A57: Bettembourg | B57: 0.105
A58: Bettendorf | B58: 0.105
A59: Betzdorf | B59: 0.09
A60: Bissen | B60: 0.09
... A163: Tuntange | B163: 0.0975
A164: Useldange | B164: 0.0825 | H164: Année 1 | I164: Année 2 | J164: Année 3
A165: Vallée de l'Ernz | B165: 0.0975 | G165: Seuil de rentabilité | H165: =H166/H170 -> #DIV/0! | I165: =I166/I170 -> #DIV/0! | J165: =J166/J170 -> #DIV/0!
A166: Vianden | B166: 0.09 | G166: Charges fixes | H166: =('OUTPUT - analysis'!C15+'OUTPUT - analysis'!C43+'OUTPUT - analysis'!C50+'OUTPUT - analysis'!C54)-'INPUT - to fill in'!Q76 -> 0 | I166: =('OUTPUT - analysis'!E15+'OUTPUT - analysis'!E43+'OUTPUT - analysis'!E50+'OUTPUT - analysis'!E54)-'INPUT - to fill in'!R76 -> 0 | J166: =('OUTPUT - analysis'!G15+'OUTPUT - analysis'!G43+'OUTPUT - analysis'!G50+'OUTPUT - analysis'!G54)-'INPUT - to fill in'!S76 -> 0
A167: Vichten | B167: 0.09 | G167: CA | H167: ='OUTPUT - analysis'!C9 -> 0 | I167: ='OUTPUT - analysis'!E9 -> 0 | J167: ='OUTPUT - analysis'!G9 -> 0
A168: Wahl | B168: 0.09 | G168: Charges variables | H168: ='INPUT - to fill in'!Q76+'OUTPUT - analysis'!C11 -> 0 | I168: ='INPUT - to fill in'!R76+'OUTPUT - analysis'!E11 -> 0 | J168: ='INPUT - to fill in'!S76+'OUTPUT - analysis'!G11 -> 0
A169: Waldbillig | B169: 0.075 | G169: Marge sur coût variables | H169: =H167-H168 -> 0 | I169: =I167-I168 -> 0 | J169: =J167-J168 -> 0
A170: Waldbredimus | B170: 0.09 | G170: Taux de marge sur coût variable | H170: =H169/H167 -> #DIV/0! | I170: =I169/I167 -> #DIV/0! | J170: =J169/J167 -> #DIV/0!
A171: Walferdange | B171: 0.078
A172: Weiler-la-Tour | B172: 0.105
A173: Weiswampach | B173: 0.0675
A174: Wellenstein | B174: 0.09
A175: Wiltz | B175: 0.0825 | G175: ='OUTPUT - analysis'!$B$9 -> + TURNOVER
A176: Wilwerwiltz | B176: 0.105 | G176: ='OUTPUT - analysis'!$B$11 -> - PURCHASE OF GOODS
A177: Wincrange | B177: 0.099 | G177: ='OUTPUT - analysis'!$B$13 -> = GROSS MARGIN
A178: Winseler | B178: 0.09 | G178: ='OUTPUT - analysis'!$B$15 -> - CONSUMPTION FROM THIRD PARTIES
A179: Wormeldange | B179: 0.075 | G179: ='OUTPUT - analysis'!$B$41 -> = ADDED VALUE | H179: ='OUTPUT - analysis'!$C$9 -> 0
A180: Wormeldange | B180: 0.075 | G180: ='OUTPUT - analysis'!$B$43 -> - EMPLOYEE EXPENSES | H180: ='OUTPUT - analysis'!$C$11 -> 0
G181: ='OUTPUT - analysis'!$B$48 -> = EARNINGS BEFORE INTEREST, TAXES, DEPRECIATION, AND AMORTIZATION (EBITDA) | H181: ='OUTPUT - analysis'!$C$13 -> 0
G182: ='OUTPUT - analysis'!$B$50 -> - VALUE CORRECTION | H182: ='OUTPUT - analysis'!$C$15 -> 0
G183: ='OUTPUT - analysis'!$B$52 -> = EARNINGS BEFORE INTEREST AND TAXES (EBIT) | H183: ='OUTPUT - analysis'!$C$41 -> 0
G184: ='OUTPUT - analysis'!$B$54 -> - FINANCIAL EXPENSES | H184: ='OUTPUT - analysis'!$C$43 -> 0
G185: ='OUTPUT - analysis'!$B$56 -> = PROFIT BEFORE TAX | H185: ='OUTPUT - analysis'!$C$48 -> 0
G186: ='OUTPUT - analysis'!$B$58 -> - TAXES | H186: ='OUTPUT - analysis'!$C$50 -> 0
G187: ='OUTPUT - analysis'!$B$63 -> = NET PROFIT | H187: ='OUTPUT - analysis'!$C$52 -> 0
G188: ='OUTPUT - analysis'!$B$65 -> = CASHFLOW | H188: ='OUTPUT - analysis'!$C$54 -> 0
H189: ='OUTPUT - analysis'!$C$56 -> 0
H190: ='OUTPUT - analysis'!$C$58 -> 0
H191: ='OUTPUT - analysis'!$C$63 -> 0
H192: ='OUTPUT - analysis'!$C$65 -> 0

Sheet Loan Calculator
B1: Simple Loan Calculator
B2: Enter values
B3: Loan amount | E3: ='INPUT - to fill in'!C250 -> 0 | G3: Payment Y1 | H3: =IF(Loan_Years>0,SUM(E13:E24),0) -> 0
B4: Annual interest rate | E4: ='INPUT - to fill in'!C252 -> 0.04 | G4: Interest Y1 | H4: =IF(Loan_Years>0,SUM(G13:G24),0) -> 0
B5: Loan period in years | E5: ='INPUT - to fill in'!C251 -> 5 | G5: Dette Y1 | H5: =IF(Loan_Years>0,D24,0)
B6: Start date of loan | E6: 43466 | G6: Payment Y2 | H6: =IF(Loan_Years>0,SUM(E25:E36),0) -> 0
G7: Interest Y2 | H7: =IF(Loan_Years>0,SUM(G25:G36),0) -> 0
B8: Monthly payment | E8: =IFERROR(IF(Values_Entered,Monthly_Payment,""), "") | G8: Dette Y2 | H8: =IF(Loan_Years>0,D36,0)
B9: Number of payments | E9: =IFERROR(IF(Values_Entered,Loan_Years*12,""), "") | G9: Payment Y3 | H9: =IF(Loan_Years>0,SUM(E37:E48),0) -> 0
B10: Total interest | E10: =IFERROR(IF(Values_Entered,Total_Cost-Loan_Amount,""), "") | G10: Interest Y3 | H10: =IF(Loan_Years>0,SUM(G37:G48),0) -> 0
B11: Total cost of loan | E11: =IFERROR(IF(Values_Entered,Monthly_Payment*Number_of_Payments,""), "") | G11: Dette Y3 | H11: =IF(Loan_Years>0,D48,0)
B12: No. | C12: Payment Date | D12: Beginning Balance | E12: Payment | F12: Principal | G12: Interest | H12: Ending Balance
B13: =IFERROR(IF(Loan_Not_Paid*Values_Entered,Payment_Number,""), "") | C13: =IFERROR(IF(Loan_Not_Paid*Values_Entered,Payment_Date,""), "") | D13: =IFERROR(IF(Loan_Not_Paid*Values_Entered,Beginning_Balance,""), "") | E13: =IFERROR(IF(Loan_Not_Paid*Values_Entered,Monthly_Payment,""), "") | F13: =IFERROR(IF(Loan_Not_Paid*Values_Entered,Principal,""), "") | G13: =IFERROR(IF(Loan_Not_Paid*Values_Entered,Interest,""), "") | H13: =IFERROR(IF(Loan_Not_Paid*Values_Entered,Ending_Balance,""), "")
B14: =IFERROR(IF(Loan_Not_Paid*Values_Entered,Payment_Number,""), "") | C14: =IFERROR(IF(Loan_Not_Paid*Values_Entered,Payment_Date,""), "") | D14: =IFERROR(IF(Loan_Not_Paid*Values_Entered,Beginning_Balance,""), "") | E14: =IFERROR(IF(Loan_Not_Paid*Values_Entered,Monthly_Payment,""), "") | F14: =IFERROR(IF(Loan_Not_Paid*Values_Entered,Principal,""), "") | G14: =IFERROR(IF(Loan_Not_Paid*Values_Entered,Interest,""), "") | H14: =IFERROR(IF(Loan_Not_Paid*Values_Entered,Ending_Balance,""), "")
B15: =IFERROR(IF(Loan_Not_Paid*Values_Entered,Payment_Number,""), "") | C15: =IFERROR(IF(Loan_Not_Paid*Values_Entered,Payment_Date,""), "") | D15: =IFERROR(IF(Loan_Not_Paid*Values_Entered,Beginning_Balance,""), "") | E15: =IFERROR(IF(Loan_Not_Paid*Values_Entered,Monthly_Payment,""), "") | F15: =IFERROR(IF(Loan_Not_Paid*Values_Entered,Principal,""), "") | G15: =IFERROR(IF(Loan_Not_Paid*Values_Entered,Interest,""), "") | H15: =IFERROR(IF(Loan_Not_Paid*Values_Entered,Ending_Balance,""), "")
B16: =IFERROR(IF(Loan_Not_Paid*Values_Entered,Payment_Number,""), "") | C16: =IFERROR(IF(Loan_Not_Paid*Values_Entered,Payment_Date,""), "") | D16: =IFERROR(IF(Loan_Not_Paid*Values_Entered,Beginning_Balance,""), "") | E16: =IFERROR(IF(Loan_Not_Paid*Values_Entered,Monthly_Payment,""), "") | F16: =IFERROR(IF(Loan_Not_Paid*Values_Entered,Principal,""), "") | G16: =IFERROR(IF(Loan_Not_Paid*Values_Entered,Interest,""), "") | H16: =IFERROR(IF(Loan_Not_Paid*Values_Entered,Ending_Balance,""), "")
B17: =IFERROR(IF(Loan_Not_Paid*Values_Entered,Payment_Number,""), "") | C17: =IFERROR(IF(Loan_Not_Paid*Values_Entered,Payment_Date,""), "") | D17: =IFERROR(IF(Loan_Not_Paid*Values_Entered,Beginning_Balance,""), "") | E17: =IFERROR(IF(Loan_Not_Paid*Values_Entered,Monthly_Payment,""), "") | F17: =IFERROR(IF(Loan_Not_Paid*Values_Entered,Principal,""), "") | G17: =IFERROR(IF(Loan_Not_Paid*Values_Entered,Interest,""), "") | H17: =IFERROR(IF(Loan_Not_Paid*Values_Entered,Ending_Balance,""), "")
B18: =IFERROR(IF(Loan_Not_Paid*Values_Entered,Payment_Number,""), "") | C18: =IFERROR(IF(Loan_Not_Paid*Values_Entered,Payment_Date,""), "") | D18: =IFERROR(IF(Loan_Not_Paid*Values_Entered,Beginning_Balance,""), "") | E18: =IFERROR(IF(Loan_Not_Paid*Values_Entered,Monthly_Payment,""), "") | F18: =IFERROR(IF(Loan_Not_Paid*Values_Entered,Principal,""), "") | G18: =IFERROR(IF(Loan_Not_Paid*Values_Entered,Interest,""), "") | H18: =IFERROR(IF(Loan_Not_Paid*Values_Entered,Ending_Balance,""), "")
B19: =IFERROR(IF(Loan_Not_Paid*Values_Entered,Payment_Number,""), "") | C19: =IFERROR(IF(Loan_Not_Paid*Values_Entered,Payment_Date,""), "") | D19: =IFERROR(IF(Loan_Not_Paid*Values_Entered,Beginning_Balance,""), "") | E19: =IFERROR(IF(Loan_Not_Paid*Values_Entered,Monthly_Payment,""), "") | F19: =IFERROR(IF(Loan_Not_Paid*Values_Entered,Principal,""), "") | G19: =IFERROR(IF(Loan_Not_Paid*Values_Entered,Interest,""), "") | H19: =IFERROR(IF(Loan_Not_Paid*Values_Entered,Ending_Balance,""), "")
B20: =IFERROR(IF(Loan_Not_Paid*Values_Entered,Payment_Number,""), "") | C20: =IFERROR(IF(Loan_Not_Paid*Values_Entered,Payment_Date,""), "") | D20: =IFERROR(IF(Loan_Not_Paid*Values_Entered,Beginning_Balance,""), "") | E20: =IFERROR(IF(Loan_Not_Paid*Values_Entered,Monthly_Payment,""), "") | F20: =IFERROR(IF(Loan_Not_Paid*Values_Entered,Principal,""), "") | G20: =IFERROR(IF(Loan_Not_Paid*Values_Entered,Interest,""), "") | H20: =IFERROR(IF(Loan_Not_Paid*Values_Entered,Ending_Balance,""), "")
B21: =IFERROR(IF(Loan_Not_Paid*Values_Entered,Payment_Number,""), "") | C21: =IFERROR(IF(Loan_Not_Paid*Values_Entered,Payment_Date,""), "") | D21: =IFERROR(IF(Loan_Not_Paid*Values_Entered,Beginning_Balance,""), "") | E21: =IFERROR(IF(Loan_Not_Paid*Values_Entered,Monthly_Payment,""), "") | F21: =IFERROR(IF(Loan_Not_Paid*Values_Entered,Principal,""), "") | G21: =IFERROR(IF(Loan_Not_Paid*Values_Entered,Interest,""), "") | H21: =IFERROR(IF(Loan_Not_Paid*Values_Entered,Ending_Balance,""), "")
B22: =IFERROR(IF(Loan_Not_Paid*Values_Entered,Payment_Number,""), "") | C22: =IFERROR(IF(Loan_Not_Paid*Values_Entered,Payment_Date,""), "") | D22: =IFERROR(IF(Loan_Not_Paid*Values_Entered,Beginning_Balance,""), "") | E22: =IFERROR(IF(Loan_Not_Paid*Values_Entered,Monthly_Payment,""), "") | F22: =IFERROR(IF(Loan_Not_Paid*Values_Entered,Principal,""), "") | G22: =IFERROR(IF(Loan_Not_Paid*Values_Entered,Interest,""), "") | H22: =IFERROR(IF(Loan_Not_Paid*Values_Entered,Ending_Balance,""), "")
B23: =IFERROR(IF(Loan_Not_Paid*Values_Entered,Payment_Number,""), "") | C23: =IFERROR(IF(Loan_Not_Paid*Values_Entered,Payment_Date,""), "") | D23: =IFERROR(IF(Loan_Not_Paid*Values_Entered,Beginning_Balance,""), "") | E23: =IFERROR(IF(Loan_Not_Paid*Values_Entered,Monthly_Payment,""), "") | F23: =IFERROR(IF(Loan_Not_Paid*Values_Entered,Principal,""), "") | G23: =IFERROR(IF(Loan_Not_Paid*Values_Entered,Interest,""), "") | H23: =IFERROR(IF(Loan_Not_Paid*Values_Entered,Ending_Balance,""), "")
B24: =IFERROR(IF(Loan_Not_Paid*Values_Entered,Payment_Number,""), "") | C24: =IFERROR(IF(Loan_Not_Paid*Values_Entered,Payment_Date,""), "") | D24: =IFERROR(IF(Loan_Not_Paid*Values_Entered,Beginning_Balance,""), "") | E24: =IFERROR(IF(Loan_Not_Paid*Values_Entered,Monthly_Payment,""), "") | F24: =IFERROR(IF(Loan_Not_Paid*Values_Entered,Principal,""), "") | G24: =IFERROR(IF(Loan_Not_Paid*Values_Entered,Interest,""), "") | H24: =IFERROR(IF(Loan_Not_Paid*Values_Entered,Ending_Balance,""), "")
... B372: =IFERROR(IF(Loan_Not_Paid*Values_Entered,Payment_Number,""), "") | C372: =IFERROR(IF(Loan_Not_Paid*Values_Entered,Payment_Date,""), "") | D372: =IFERROR(IF(Loan_Not_Paid*Values_Entered,Beginning_Balance,""), "") | E372: =IFERROR(IF(Loan_Not_Paid*Values_Entered,Monthly_Payment,""), "") | F372: =IFERROR(IF(Loan_Not_Paid*Values_Entered,Principal,""), "") | G372: =IFERROR(IF(Loan_Not_Paid*Values_Entered,Interest,""), "") | H372: =IFERROR(IF(Loan_Not_Paid*Values_Entered,Ending_Balance,""), "")
